Workbook

Sheet Equity
A1: Dashboard as on 31/10/2023
A2: Scheme Name | B2: LIC MF Flexi Cap Fund | H2: LIC MF Large Cap Fund | N2: LIC MF Large & Mid Cap Fund | T2: LIC MF Banking and Financial Services Fund | Z2: LIC MF Infrastructure Fund | AF2: LIC MF ELSS (ERSTWHILE LIC MF Tax Plan) | AL2: LIC MF Multi Cap Fund | AR2: LIC MF Dividend Yield Fund (ERSTWHILE IDBI DIVIDEND YIELD FUND) | AX2: LIC MF Focused 30 Equity Fund (ERSTWHILE IDBI FOCUSED 30 EQUITY FUND) | BD2: LIC MF Mid cap Fund (ERSTWHILE IDBI MIDCAP FUND) | BJ2: LIC MF Healthcare Fund (ERSTWHILE IDBI HEALTHCARE FUND) | BP2: LIC MF Small Cap Fund (ERSTWHILE IDBI SMALL CAP FUND) | BV2: LIC MF Long Term Value Fund (ERSTWHILE IDBI LONG TERM VALUE FUND)
A4: Date of Allotment - Regular | B4: 15.04.1993 | H4: 01.09.1994 | N4: 25.02.2015 | T4: 27.03.2015 | Z4: 24.03.2008 | AF4: 31.03.1997 | AL4: 31.10.2022 | AR4: 21.12.2018 | AX4: 17.11.2017 | BD4: 25.01.2017 | BJ4: 28.02.2019 | BP4: 21.06.2017 | BV4: 20.08.2018
A5: Date of Allotment - Direct | B5: 01.01.2013 | H5: 01.01.2013 | N5: 25.02.2015 | T5: 27.03.2015 | Z5: 01.01.2013 | AF5: 01.01.2013 | AL5: 31.10.2022 | AR5: 21.12.2018 | AX5: 17.11.2017 | BD5: 25.01.2017 | BJ5: 28.02.2019 | BP5: 21.06.2017 | BV5: 20.08.2018
A7: AUM (in Rs. crore) | B7: 844.05641 | H7: 1249.2218 | N7: 2188.1662 | T7: 279.80591 | Z7: 130.28328 | AF7: 925.06303 | AL7: 681.95708 | AR7: 86.944404 | AX7: 123.12566 | BD7: 204.46314 | BJ7: 48.333746 | BP7: 168.61713 | BV7: 92.260816
A10: Investment Objective | B10: The main investment objective of the scheme is to provide capital growth by investing across Large, Mid & Small Cap stocks. The investment portfolio of the scheme will be constantly monitored and reviewed to optimise capital growth. However, there is no assurance that the investment objective of the Schemes will be realized. | H10: To achieve long term capital appreciation by investing in diversified portfolio predominantly consisting of equity and equity related securities of Large Cap companies including derivatives. However thee can be no assurance that the investment objective of the scheme will be achieved. | N10: To generate long term capital appreciation by investing substantially in a portfolio of equity and equity linked instruments of large cap and midcap companies. | T10: The investment objective of the scheme is to generate long-term capital appreciation for unit holders from a portfolio that in invested substantially in equity and equity related securities of companies engaged in banking and financial services sector. However there can be no assurance that the investment objective of the scheme will be achieved. | Z10: The investment objective of the scheme is to generate long-term growth from a portfolio of equity / equity related instruments of companies engaged either directly or indirectly in the infrastructure sector. However, there is no assurance that the investment objective of the Schemes will be realized. | AF10: To provide capital growth along with tax rebate and tax relief to our investors through prudent investments in the stock markets. An open ended equity linked tax saving Scheme which offers investors the opportunity to seek Tax rebate u/s 80C of the Income Tax Act 1961. However, there is no assurance that the investment objective of the Schemes will be realized. | AL10: The investment objective of the scheme is to generate long term capital appreciation by investing in a diversified portfolio of equity & equity related instruments across large cap, mid cap and small cap stocks. However, there is no assurance that the investment objective of the Scheme will be realized. | AR10: The Investment objective of the Scheme is to provide long term capital appreciation and/or Income Distribution cum capital withdrawal (IDCW) distribution by investing predominantly in dividend yielding equity and equity related instruments. However there can be no assurance that the investment objective under the scheme will be realized. | AX10: The investment objective of the Scheme is to provide long term capital appreciation by investing in concentrated portfolio of large cap focused equity and equity related instruments of up to 30 companies and balance in debt and money market instruments. However there can be no assurance that the investment objective of the Scheme will be realized. | BD10: The objective of the scheme is to provide investors with the opportunities for long-term capital appreciation by investing predominantly in Equity and Equity related instruments of Midcap Companies. However, there can be no assurance that the investment objective under the scheme will be realized. | BJ10: The objective of the Scheme is to achieve long term capital appreciation by predominantly investing in equity and equity related instruments of companies engaged in Healthcare and Allied sectors. However there can be no assurance that the investment objective under the Scheme will be realized. | BP10: The Investment objective of the scheme is to provide investors with the opportunities for long-term capital appreciation by investing predominantly in Equity and Equity related instruments of Small Cap Companies. However, there can be no assurance that the investment objective under the Scheme will be realized. | BV10: The Investment Objective of the Scheme is to generate long-term capital appreciation along with regular income by investing predominantly in equity and equity related instruments by following value investing strategy. However, there can be no assurance that the investment objective of the Scheme will be realized.
A12: Fund Manager | B12: Mr. Jaiprakash Toshniwal (managing since 31/07/23) | H12: Mr. Yogesh Patil (managing since 18/09/20) & Mr. Sumit Bhatnagar (Co- fund manager, managing since 03/10/23) / Mr. Jaiprakash Toshniwal (Co Fund Manager, managing till 02/10/23) | N12: Mr. Yogesh Patil (managing since 18/09/20) & Mr. Dikshit Mittal (Co Fund Manager, managing since 01/06/23) | T12: Mr. Jaiprakash Toshniwal (managing since 06/09/21) | Z12: Mr. Yogesh Patil (managing since 18/09/20) | AF12: Mr. Dikshit Mittal (managing since 31/07/23) / Mr. Karan Doshi (Co Fund Manager, managing since 31/07/23) | AL12: Mr. Yogesh Patil (managing since 31/10/22) & Mr. Dikshit Mittal (Co Fund Manager, managing since 01/12/22 ) | AR12: Mr.Dikshit Mittal (managing since 31/07/23) | AX12: Mr. Jaiprakash Toshniwal (managing since 31/07/23) | BD12: Mr. Karan Doshi (managing since 31/07/23) | BJ12: Mr. Karan Doshi (managing since 31/07/23) | BP12: Mr. Yogesh Patil (managing since 31/07/23) & Mr. Dikhshit Mittal (managing since 31/07/23) | BV12: Mr. Karan Doshi (managing since 31/07/23) & Mr. Jaiprakash Toshniwal (managing since 31/07/23)
A14: Annual Portfolio Turnover Ratio (in times) | B14: 1.4675319 | H14: 0.71710933 | N14: 0.9374236 | T14: 0.56632979 | Z14: 0.60172065 | AF14: 0.65496313 | AL14: 0.50945291 | AR14: 0.17895774 | AX14: 0.73748396 | BD14: 0.27979311 | BJ14: 0.21303841 | BP14: 0.47789101 | BV14: 0.1368739
A16: Total Expense Ratio (Weighted Average for the month) Excluding Goods and Service Tax on Management Fees
B17: Regular | E17: Direct | H17: Regular | K17: Direct | N17: Regular | Q17: Direct | T17: Regular | W17: Direct | Z17: Regular | AC17: Direct | AF17: Regular | AI17: Direct | AL17: Regular | AO17: Direct | AR17: Regular | AU17: Direct | AX17: Regular | BA17: Direct | BD17: Regular | BG17: Direct | BJ17: Regular | BM17: Direct | BP17: Regular | BS17: Direct | BV17: Regular | BY17: Direct
A18: Base TER (%)@ | B18: 2.1 | E18: 1.33 | H18: 1.98 | K18: 0.93 | N18: 1.87 | Q18: 0.64 | T18: 2.25 | W18: 0.95 | Z18: 2.25 | AC18: 1.23 | AF18: 2.07 | AI18: 1.06 | AL18: 2.18 | AO18: 0.52 | AR18: 2.24 | AU18: 1.2 | AX18: 2.24 | BA18: 1.3 | BD18: 2.23 | BG18: 1.31 | BJ18: 2.24 | BM18: 1.01 | BP18: 2.24 | BS18: 1.27 | BV18: 2.24 | BY18: 1.34
A19: Additional expense as per Regulation 52(6A)(b) (%)# | B19: 0 | E19: 0 | H19: 0 | K19: 0 | N19: 0 | Q19: 0 | T19: 0 | W19: 0 | Z19: 0 | AC19: 0 | AF19: 0 | AI19: 0 | AL19: 0 | AO19: 0 | AR19: 0 | AU19: 0 | AX19: 0 | BA19: 0 | BD19: 0 | BG19: 0 | BJ19: 0 | BM19: 0 | BP19: 0 | BS19: 0 | BV19: 0 | BY19: 0
A20: Additional expense as per Regulation 52(6A)(c) (%)$ | B20: 0.05 | E20: 0.05 | H20: 0.05 | K20: 0.05 | N20: 0.05 | Q20: 0.05 | T20: 0.05 | W20: 0.05 | Z20: 0.05 | AC20: 0.05 | AF20: 0 | AI20: 0 | AL20: 0.05 | AO20: 0.05 | AR20: 0.05 | AU20: 0.05 | AX20: 0.05 | BA20: 0.05 | BD20: 0.05 | BG20: 0.05 | BJ20: 0.05 | BM20: 0.05 | BP20: 0.05 | BS20: 0.05 | BV20: 0.05 | BY20: 0.05
A21: GST (%)^ | B21: 0.22 | E21: 0.21 | H21: 0.14 | K21: 0.14 | N21: 0.09 | Q21: 0.09 | T21: 0.21 | W21: 0.2 | Z21: 0.22 | AC21: 0.2 | AF21: 0.17 | AI21: 0.17 | AL21: 0.08 | AO21: 0.08 | AR21: 0.2 | AU21: 0.19 | AX21: 0.22 | BA21: 0.21 | BD21: 0.22 | BG21: 0.21 | BJ21: 0.15 | BM21: 0.15 | BP21: 0.21 | BS21: 0.21 | BV21: 0.22 | BY21: 0.21
A22: Total TER (%) | B22: =SUM(B18:D21) -> 2.37 | E22: =SUM(E18:G21) -> 1.59 | H22: =SUM(H18:J21) -> 2.17 | K22: =SUM(K18:M21) -> 1.12 | N22: =SUM(N18:P21) -> 2.01 | Q22: =SUM(Q18:S21) -> 0.78 | T22: =SUM(T18:V21) -> 2.51 | W22: =SUM(W18:Y21) -> 1.2 | Z22: =SUM(Z18:AB21) -> 2.52 | AC22: =SUM(AC18:AE21) -> 1.48 | AF22: =SUM(AF18:AH21) -> 2.24 | AI22: =SUM(AI18:AK21) -> 1.23 | AL22: =SUM(AL18:AN21) -> 2.31 | AO22: =SUM(AO18:AQ21) -> 0.65 | AR22: =SUM(AR18:AT21) -> 2.49 | AU22: =SUM(AU18:AW21) -> 1.44 | AX22: =SUM(AX18:AZ21) -> 2.51 | BA22: =SUM(BA18:BC21) -> 1.56 | BD22: =SUM(BD18:BF21) -> 2.5 | BG22: =SUM(BG18:BI21) -> 1.57 | BJ22: =SUM(BJ18:BL21) -> 2.44 | BM22: =SUM(BM18:BO21) -> 1.21 | BP22: =SUM(BP18:BR21) -> 2.5 | BS22: =SUM(BS18:BU21) -> 1.53 | BV22: =SUM(BV18:BX21) -> 2.51 | BY22: =SUM(BY18:CA21) -> 1.6
A24: Portfolio (Top 10 Holdings) | B24: Name of the issuer | E24: % of Scheme | H24: Name of the issuer | K24: % of Scheme | N24: Name of the issuer | Q24: % of Scheme | T24: Name of the issuer | W24: % of Scheme | Z24: Name of the issuer | AC24: % of Scheme | AF24: Name of the issuer | AI24: % of Scheme | AL24: Name of the issuer | AO24: % of Scheme | AR24: Name of the issuer | AU24: % of Scheme | AX24: Name of the issuer | BA24: % of Scheme | BD24: Name of the issuer | BG24: % of Scheme | BJ24: Name of the issuer | BM24: % of Scheme | BP24: Name of the issuer | BS24: % of Scheme | BV24: Name of the issuer | BY24: % of Scheme
B25: HDFC Bank Ltd. | E25: 8.5684 | H25: HDFC Bank Ltd. | K25: 9.4979 | N25: HDFC Bank Ltd. | Q25: 5.8981 | T25: HDFC Bank Ltd. | W25: 23.0153 | Z25: Transport Corporation Of India Ltd. | AC25: 6.2906 | AF25: ICICI Bank Ltd. | AI25: 7.5251 | AL25: HDFC Bank Ltd. | AO25: 4.3165 | AR25: Infosys Ltd. | AU25: 6.9269 | AX25: HDFC Bank Ltd. | BA25: 8.2667 | BD25: UNO Minda Ltd. | BG25: 4.163 | BJ25: Sun Pharmaceutical Industries Ltd. | BM25: 14.5394 | BP25: Garware Hi-Tech Films Ltd. | BS25: 5.3885 | BV25: State Bank of India | BY25: 8.0512
B26: ICICI Bank Ltd. | E26: 7.9694 | H26: ICICI Bank Ltd. | K26: 9.0745 | N26: ICICI Bank Ltd. | Q26: 5.2105 | T26: ICICI Bank Ltd. | W26: 15.6229 | Z26: Ultratech Cement Ltd. | AC26: 5.092 | AF26: HDFC Bank Ltd. | AI26: 7.3854 | AL26: ICICI Bank Ltd. | AO26: 3.5794 | AR26: ICICI Bank Ltd. | AU26: 5.2654 | AX26: ICICI Bank Ltd. | BA26: 5.8955 | BD26: Trent Ltd. | BG26: 3.7765 | BJ26: Apollo Hospitals Enterprise Ltd. | BM26: 8.3748 | BP26: KEI Industries Ltd. | BS26: 4.4207 | BV26: HDFC Bank Ltd. | BY26: 8.0434
B27: State Bank of India | E27: 5.01 | H27: Reliance Industries Ltd. | K27: 5.8919 | N27: REC Ltd. | Q27: 2.9474 | T27: State Bank of India | W27: 9.352 | Z27: KSB Ltd. | AC27: 4.7403 | AF27: Axis Bank Ltd. | AI27: 3.885 | AL27: Power Finance Corporation Ltd. | AO27: 2.8973 | AR27: NTPC Ltd. | AU27: 5.0093 | AX27: State Bank of India | BA27: 5.2417 | BD27: ICICI Bank Ltd. | BG27: 3.3438 | BJ27: Dr. Reddy's Laboratories Ltd. | BM27: 8.1626 | BP27: Grindwell Norton Ltd. | BS27: 3.8607 | BV27: ICICI Bank Ltd. | BY27: 6.3194
B28: Hindustan Unilever Ltd. | E28: 4.2489 | H28: State Bank of India | K28: 5.3152 | N28: Infosys Ltd. | Q28: 2.6515 | T28: Axis Bank Ltd. | W28: 7.4103 | Z28: Pitti Engineering Ltd. | AC28: 4.2235 | AF28: Infosys Ltd. | AI28: 3.6778 | AL28: State Bank of India | AO28: 2.2333 | AR28: Tata Consultancy Services Ltd. | AU28: 4.7961 | AX28: Hindustan Unilever Ltd. | BA28: 5.1264 | BD28: The Federal Bank Ltd. | BG28: 2.9815 | BJ28: JB Chemicals & Pharmaceuticals Ltd. | BM28: 6.7783 | BP28: BSE Ltd. | BS28: 3.7496 | BV28: Reliance Industries Ltd. | BY28: 5.4894
B29: Maruti Suzuki India Ltd. | E29: 2.9819 | H29: Infosys Ltd. | K29: 4.1994 | N29: Power Finance Corporation Ltd. | Q29: 2.5062 | T29: The Federal Bank Ltd. | W29: 5.2122 | Z29: Kennametal India Ltd. | AC29: 4.179 | AF29: Cholamandalam Investment & Fin Co Ltd. | AI29: 3.2683 | AL29: Reliance Industries Ltd. | AO29: 2.1386 | AR29: Bharat Electronics Ltd. | AU29: 4.599 | AX29: The Federal Bank Ltd. | BA29: 5.0491 | BD29: P I INDUSTRIES LIMITED | BG29: 2.8705 | BJ29: Cipla Ltd. | BM29: 6.3624 | BP29: Kirloskar Oil Engines Ltd. | BS29: 2.872 | BV29: Infosys Ltd. | BY29: 4.5288
B30: The Federal Bank Ltd. | E30: 2.9163 | H30: ITC Ltd. | K30: 3.9295 | N30: Reliance Industries Ltd. | Q30: 2.2513 | T30: Creditaccess Grameen Ltd. | W30: 4.8767 | Z30: CIE Automotive India Ltd. | AC30: 3.8524 | AF30: State Bank of India | AI30: 3.2143 | AL30: Kotak Mahindra Bank Ltd. | AO30: 2.0745 | AR30: Power Grid Corporation of India Ltd. | AU30: 4.2141 | AX30: Avenue Supermarts Ltd. | BA30: 4.9991 | BD30: Coforge Ltd. | BG30: 2.7854 | BJ30: Divi's Laboratories Ltd. | BM30: 5.8208 | BP30: Lemon Tree Hotels Ltd. | BS30: 2.6513 | BV30: VARUN BEVERAGES LIMITED | BY30: 3.9865
B31: Axis Bank Ltd. | E31: 2.9048 | H31: Axis Bank Ltd. | K31: 3.4866 | N31: Shriram Finance Ltd. | Q31: 2.2053 | T31: L&T Finance Holdings Ltd. | W31: 3.2525 | Z31: TD Power Systems Ltd. | AC31: 3.7906 | AF31: P I INDUSTRIES LIMITED | AI31: 2.3298 | AL31: Infosys Ltd. | AO31: 2.018 | AR31: Maruti Suzuki India Ltd. | AU31: 3.9527 | AX31: ITC Ltd. | BA31: 4.2752 | BD31: Balkrishna Industries Ltd. | BG31: 2.6252 | BJ31: Zydus Lifesciences Ltd. | BM31: 5.4506 | BP31: KSB Ltd. | BS31: 2.4806 | BV31: Bank of Baroda | BY31: 3.8251
B32: ITC Ltd. | E32: 2.597 | H32: Larsen & Toubro Ltd. | K32: 3.3501 | N32: Aditya Birla Fashion and Retail Ltd. | Q32: 2.1636 | T32: DCB Bank Ltd. | W32: 3.1962 | Z32: Bharat Bijlee Ltd. | AC32: 3.7258 | AF32: Titan Company Ltd. | AI32: 2.2564 | AL32: Pitti Engineering Ltd. | AO32: 1.9514 | AR32: Larsen & Toubro Ltd. | AU32: 3.4924 | AX32: Maruti Suzuki India Ltd. | BA32: 4.1008 | BD32: Alkem Laboratories Ltd. | BG32: 2.5889 | BJ32: Piramal Pharma Ltd. | BM32: 5.4441 | BP32: Avalon Technologies Ltd. | BS32: 2.3892 | BV32: Bharat Forge Ltd. | BY32: 3.5594
B33: L&T Finance Holdings Ltd. | E33: 2.3448 | H33: Tata Consultancy Services Ltd. | K33: 3.0663 | N33: State Bank of India | Q33: 1.9393 | T33: Piramal Enterprises Ltd. | W33: 3.1316 | Z33: REC Ltd. | AC33: 3.6565 | AF33: Larsen & Toubro Ltd. | AI33: 2.2044 | AL33: Kennametal India Ltd. | AO33: 1.9014 | AR33: Bajaj Finance Ltd. | AU33: 3.448 | AX33: Havells India Ltd. | BA33: 4.017 | BD33: Bharat Electronics Ltd. | BG33: 2.5636 | BJ33: Torrent Pharmaceuticals Ltd. | BM33: 4.9366 | BP33: Carborundum Universal Ltd. | BS33: 2.3722 | BV33: Persistent Systems Ltd. | BY33: 3.2293
B34: Bajaj Finance Ltd. | E34: 2.3381 | H34: Hindustan Unilever Ltd. | K34: 3.0054 | N34: TD Power Systems Ltd. | Q34: 1.8407 | T34: Five Star Business Finance Ltd. | W34: 2.9838 | Z34: Hitachi Energy India Ltd. | AC34: 3.4717 | AF34: ABB India Ltd. | AI34: 2.085 | AL34: CIE Automotive India Ltd. | AO34: 1.7939 | AR34: NHPC Ltd. | AU34: 3.3887 | AX34: Pidilite Industries Ltd. | BA34: 3.9417 | BD34: Dalmia Bharat Ltd. | BG34: 2.333 | BJ34: Abbott India Ltd. | BM34: 4.7574 | BP34: Blue Star Ltd. | BS34: 2.3185 | BV34: Axis Bank Ltd. | BY34: 2.8607
B35: Others | E35: 47.7719 | H35: Others | K35: 43.8133 | N35: Others | Q35: 62.4752 | T35: Others | W35: 18.2848 | Z35: Others | AC35: 50.909 | AF35: Others | AI35: 56.7504 | AL35: Others | AO35: 66.2737 | AR35: Others | AU35: 51.2422 | AX35: Others | BA35: 41.3622 | BD35: Others | BG35: 63.978 | BJ35: Others | BM35: 25.4275 | BP35: Others | BS35: 61.3217 | BV35: Others | BY35: 45.7219
B36: Cash & Cash Equivalent: | E36: 10.3485 | H36: Cash & Cash Equivalent: | K36: 5.3699 | N36: Cash & Cash Equivalent: | Q36: 7.9109 | T36: Cash & Cash Equivalent: | W36: 3.6617 | Z36: Cash & Cash Equivalent: | AC36: 6.0686 | AF36: Cash & Cash Equivalent: | AI36: 5.4181 | AL36: Cash & Cash Equivalent: | AO36: 8.822 | AR36: Cash & Cash Equivalent: | AU36: 3.6652 | AX36: Cash & Cash Equivalent: | BA36: 7.7246 | BD36: Cash & Cash Equivalent: | BG36: 5.9906 | BJ36: Cash & Cash Equivalent: | BM36: 3.9455 | BP36: Cash & Cash Equivalent: | BS36: 6.175 | BV36: Cash & Cash Equivalent: | BY36: 4.3849
B37: Grand Total | E37: =SUM(E25:G36) -> 100 | H37: Grand Total | K37: =SUM(K25:M36) -> 100 | N37: Grand Total | Q37: =SUM(Q25:S36) -> 100 | T37: Grand Total | W37: =SUM(W25:Y36) -> 100 | Z37: Grand Total | AC37: =SUM(AC25:AE36) -> 100 | AF37: Grand Total | AI37: =SUM(AI25:AK36) -> 100 | AL37: Grand Total | AO37: =SUM(AO25:AQ36) -> 100 | AR37: Grand Total | AU37: =SUM(AU25:AW36) -> 100 | AX37: Grand Total | BA37: =SUM(BA25:BC36) -> 100 | BD37: Grand Total | BG37: =SUM(BG25:BI36) -> 100 | BJ37: Grand Total | BM37: =SUM(BM25:BO36) -> 100 | BP37: Grand Total | BS37: =SUM(BS25:BU36) -> 100 | BV37: Grand Total | BY37: =SUM(BY25:CA36) -> 100
A39: Asset Allocation | B39: Asset Allocation | E39: % of Scheme | H39: Asset Allocation | K39: % of Scheme | N39: Asset Allocation | Q39: % of Scheme | T39: Asset Allocation | W39: % of Scheme | Z39: Asset Allocation | AC39: % of Scheme | AF39: Asset Allocation | AI39: % of Scheme | AL39: Asset Allocation | AO39: % of Scheme | AR39: Asset Allocation | AU39: % of Scheme | AX39: Asset Allocation | BA39: % of Scheme | BD39: Asset Allocation | BG39: % of Scheme | BJ39: Asset Allocation | BM39: % of Scheme | BP39: Asset Allocation | BS39: % of Scheme | BV39: Asset Allocation | BY39: % of Scheme
B40: Equity Holdings | C40: 0.95970929 | D40: Equity Holdings | E40: =SUM(E25:G35) -> 89.6515 | H40: Equity Holdings | I40: 0.96083851 | J40: Equity Holdings | K40: =SUM(K25:M35) -> 94.6301 | N40: Equity Holdings | O40: 0.95947917 | P40: Equity Holdings | Q40: =SUM(Q25:S35) -> 92.0891 | T40: Equity Holdings | U40: 0.95062595 | V40: Equity Holdings | W40: =SUM(W25:Y35) -> 96.3383 | Z40: Equity Holdings | AA40: 0.97458926 | AB40: Equity Holdings | AC40: =SUM(AC25:AE35) -> 93.9314 | AF40: Equity Holdings | AG40: 0.96417311 | AH40: Equity Holdings | AI40: =SUM(AI25:AK35) -> 94.5819 | AL40: Equity Holdings | AO40: =SUM(AO25:AQ35) -> 91.178 | AR40: Equity Holdings | AU40: =SUM(AU25:AW35) -> 96.3348 | AX40: Equity Holdings | BA40: =SUM(BA25:BC35) -> 92.2754 | BD40: Equity Holdings | BG40: =SUM(BG25:BI35) -> 94.0094 | BJ40: Equity Holdings | BM40: =SUM(BM25:BO35) -> 96.0545 | BP40: Equity Holdings | BS40: =SUM(BS25:BU35) -> 93.825 | BV40: Equity Holdings | BY40: =SUM(BY25:CA35) -> 95.6151
B41: Cash & Other Receivables | C41: 0.040290706 | D41: Cash & Other Receivables | E41: =E36 -> 10.3485 | H41: Cash & Other Receivables | I41: 0.039161485 | J41: Cash & Other Receivables | K41: =K36 -> 5.3699 | N41: Cash & Other Receivables | O41: 0.04052083 | P41: Cash & Other Receivables | Q41: =Q36 -> 7.9109 | T41: Cash & Other Receivables | U41: 0.049374047 | V41: Cash & Other Receivables | W41: =W36 -> 3.6617 | Z41: Cash & Other Receivables | AA41: 0.025410745 | AB41: Cash & Other Receivables | AC41: =AC36 -> 6.0686 | AF41: Cash & Other Receivables | AG41: 0.035826888 | AH41: Cash & Other Receivables | AI41: =AI36 -> 5.4181 | AL41: Cash & Other Receivables | AO41: =AO36 -> 8.822 | AR41: Cash & Other Receivables | AU41: =AU36 -> 3.6652 | AX41: Cash & Other Receivables | BA41: =BA36 -> 7.7246 | BD41: Cash & Other Receivables | BG41: =BG36 -> 5.9906 | BJ41: Cash & Other Receivables | BM41: =BM36 -> 3.9455 | BP41: Cash & Other Receivables | BS41: =BS36 -> 6.175 | BV41: Cash & Other Receivables | BY41: =BY36 -> 4.3849
B46: Grand Total | E46: =SUM(E40:G44) -> 100 | H46: Grand Total | K46: =SUM(K40:M44) -> 100 | N46: Grand Total | Q46: =SUM(Q40:S44) -> 100 | T46: Grand Total | W46: =SUM(W40:Y44) -> 100 | Z46: Grand Total | AC46: =SUM(AC40:AE44) -> 100 | AF46: Grand Total | AI46: =SUM(AI40:AK44) -> 100 | AL46: Grand Total | AO46: =SUM(AO40:AQ44) -> 100 | AR46: Grand Total | AU46: =SUM(AU40:AW44) -> 100 | AX46: Grand Total | BA46: =SUM(BA40:BC44) -> 100 | BD46: Grand Total | BG46: =SUM(BG40:BI44) -> 100 | BJ46: Grand Total | BM46: =SUM(BM40:BO44) -> 100 | BP46: Grand Total | BS46: =SUM(BS40:BU44) -> 100 | BV46: Grand Total | BY46: =SUM(BY40:CA44) -> 100
A48: Sectoral Allocation | B48: Sector/Industry | E48: % of Scheme | H48: Sector/Industry | K48: % of Scheme | N48: Sector/Industry | Q48: % of Scheme | T48: Sector/Industry | W48: % of Scheme | Z48: Sector/Industry | AC48: % of Scheme | AF48: Sector/Industry | AI48: % of Scheme | AL48: Sector/Industry | AO48: % of Scheme | AR48: Sector/Industry | AU48: % of Scheme | AX48: Sector/Industry | BA48: % of Scheme | BD48: Sector/Industry | BG48: % of Scheme | BJ48: Sector/Industry | BM48: % of Scheme | BP48: Sector/Industry | BS48: % of Scheme | BV48: Sector/Industry | BY48: % of Scheme
B49: Banks | E49: 30.2416 | H49: Banks | K49: 30.1475 | N49: Banks | Q49: 17.7273 | T49: Banks | W49: 70.2795 | Z49: Industrial Products | AC49: 15.6497 | AF49: Banks | AI49: 24.0083 | AL49: Banks | AO49: 16.2219 | AR49: Power | AU49: 15.6614 | AX49: Banks | BA49: 31.0241 | BD49: Auto Components | BG49: 11.7494 | BJ49: Pharmaceuticals & Biotechnology | BM49: 74.3766 | BP49: Industrial Products | BS49: 28.936 | BV49: Banks | BY49: 31.2623
B50: Cash & Cash Equivalent: | E50: 10.3485 | H50: IT - Software | K50: 9.5282 | N50: Finance | Q50: 10.5281 | T50: Finance | W50: 26.0588 | Z50: Electrical Equipment | AC50: 14.9476 | AF50: IT - Software | AI50: 9.7887 | AL50: Cash & Cash Equivalent: | AO50: 8.822 | AR50: IT - Software | AU50: 14.0435 | AX50: Diversified FMCG | BA50: 9.4016 | BD50: Banks | BG50: 10.1872 | BJ50: Healthcare Services | BM50: 21.6779 | BP50: Consumer Durables | BS50: 14.9053 | BV50: IT - Software | BY50: 11.3513
B51: Auto Components | E51: 8.1741 | H51: Diversified FMCG | K51: 6.9349 | N51: Cash & Cash Equivalent: | Q51: 7.9109 | T51: Cash & Cash Equivalent: | W51: 3.6617 | Z51: Industrial Manufacturing | AC51: 12.2351 | AF51: Consumer Durables | AI51: 8.2209 | AL51: Auto Components | AO51: 7.2624 | AR51: Automobiles | AU51: 9.6766 | AX51: IT - Software | BA51: 8.5549 | BD51: Industrial Products | BG51: 9.0107 | BJ51: Cash & Cash Equivalent: | BM51: 3.9455 | BP51: Electrical Equipment | BS51: 8.7101 | BV51: Beverages | BY51: 5.7752
B52: Diversified FMCG | E52: 6.8459 | H52: Petroleum Products | K52: 5.8919 | N52: Auto Components | Q52: 6.3854 | Z52: Transport Services | AC52: 10.632 | AF52: Finance | AI52: 6.5273 | AL52: Finance | AO52: 7.2015 | AR52: Banks | AU52: 7.4677 | AX52: Retailing | BA52: 8.1022 | BD52: Consumer Durables | BG52: 7.9262 | BP52: Cash & Cash Equivalent: | BS52: 6.175 | BV52: Automobiles | BY52: 5.5277
B53: Finance | E53: 6.0086 | H53: Automobiles | K53: 5.6863 | N53: IT - Software | Q53: 6.1343 | Z53: Auto Components | AC53: 7.4813 | AF53: Industrial Products | AI53: 6.3488 | AL53: Consumer Durables | AO53: 6.8458 | AR53: Finance | AU53: 6.5337 | AX53: Consumer Durables | BA53: 7.9619 | BD53: Retailing | BG53: 6.9829 | BP53: Banks | BS53: 6.0151 | BV53: Petroleum Products | BY53: 5.4894
B54: Automobiles | E54: 5.4321 | H54: Cash & Cash Equivalent: | K54: 5.3699 | N54: Consumer Durables | Q54: 5.6316 | Z54: Construction | AC54: 6.2536 | AF54: Cash & Cash Equivalent: | AI54: 5.4181 | AL54: IT - Software | AO54: 5.8155 | AR54: Consumer Durables | AU54: 5.9745 | AX54: Cash & Cash Equivalent: | BA54: 7.7246 | BD54: Finance | BG54: 6.5037 | BP54: Chemicals & Petrochemicals | BS54: 5.1441 | BV54: Finance | BY54: 4.825
B55: IT - Software | E55: 4.5679 | H55: Consumer Durables | K55: 4.1628 | N55: Industrial Products | Q55: 5.2196 | Z55: Cash & Cash Equivalent: | AC55: 6.0686 | AF55: Automobiles | AI55: 4.5419 | AL55: Industrial Products | AO55: 4.987 | AR55: Pharmaceuticals & Biotechnology | AU55: 5.4807 | AX55: Finance | BA55: 5.1934 | BD55: Fertilizers & Agrochemicals | BG55: 6.0353 | BP55: Healthcare Services | BS55: 4.6576 | BV55: Pharmaceuticals & Biotechnology | BY55: 4.5545
B56: Consumer Durables | E56: 4.1147 | H56: Finance | K56: 4.0499 | N56: Chemicals & Petrochemicals | Q56: 4.9179 | Z56: Cement & Cement Products | AC56: 5.092 | AF56: Diversified FMCG | AI56: 3.5823 | AL56: Automobiles | AO56: 4.5574 | AR56: Industrial Products | AU56: 5.096 | AX56: Automobiles | BA56: 4.1008 | BD56: Cash & Cash Equivalent: | BG56: 5.9906 | BP56: Capital Markets | BS56: 3.7496 | BV56: Industrial Products | BY56: 4.5192
B57: Industrial Products | E57: 3.4791 | H57: Construction | K57: 3.3501 | N57: Industrial Manufacturing | Q57: 4.547 | Z57: Aerospace & Defense | AC57: 4.9036 | AF57: Electrical Equipment | AI57: 3.2298 | AL57: Chemicals & Petrochemicals | AO57: 3.9392 | AR57: Aerospace & Defense | AU57: 4.599 | AX57: Chemicals & Petrochemicals | BA57: 3.9417 | BD57: Cement & Cement Products | BG57: 5.2798 | BP57: Auto Components | BS57: 3.1411 | BV57: Cash & Cash Equivalent: | BY57: 4.3849
B58: Chemicals & Petrochemicals | E58: 3.1859 | H58: Chemicals & Petrochemicals | K58: 3.1245 | N58: Retailing | Q58: 3.9386 | Z58: Finance | AC58: 4.7703 | AF58: Fertilizers & Agrochemicals | AI58: 3.0879 | AL58: Industrial Manufacturing | AO58: 3.8528 | AR58: Cash & Cash Equivalent: | AU58: 3.6652 | AX58: Agricultural Food & other Products | BA58: 3.8968 | BD58: IT - Software | BG58: 3.8581 | BP58: Industrial Manufacturing | BS58: 2.79 | BV58: Consumer Durables | BY58: 2.4122
B59: Transport Services | E59: 2.66 | H59: Pharmaceuticals & Biotechnology | K59: 2.7445 | N59: Electrical Equipment | Q59: 3.5958 | Z59: Gas | AC59: 4.1054 | AF59: Chemicals & Petrochemicals | AI59: 2.9092 | AL59: Electrical Equipment | AO59: 3.2746 | AR59: Personal Products | AU59: 3.6121 | AX59: Auto Components | BA59: 3.0384 | BD59: Pharmaceuticals & Biotechnology | BG59: 3.5796 | BP59: Leisure Services | BS59: 2.6513 | BV59: Non - Ferrous Metals | BY59: 2.2321
B60: Pharmaceuticals & Biotechnology | E60: 2.2965 | H60: Cement & Cement Products | K60: 2.6023 | N60: Automobiles | Q60: 3.2183 | Z60: Power | AC60: 3.1983 | AF60: Auto Components | AI60: 2.8912 | AL60: Pharmaceuticals & Biotechnology | AO60: 2.9747 | AR60: Construction | AU60: 3.4924 | AX60: Personal Products | BA60: 2.1335 | BD60: Leisure Services | BG60: 3.1533 | BP60: Pharmaceuticals & Biotechnology | BS60: 2.09 | BV60: Construction | BY60: 2.101
B61: Leisure Services | E61: 2.115 | H61: Retailing | K61: 2.5687 | N61: Diversified FMCG | Q61: 2.7128 | Z61: Non - Ferrous Metals | AC61: 1.826 | AF61: Retailing | AI61: 2.5721 | AL61: Retailing | AO61: 2.917 | AR61: Gas | AU61: 3.0863 | AX61: Transport Services | BA61: 2.1164 | BD61: Aerospace & Defense | BG61: 2.5636 | BP61: IT - Software | BS61: 1.9937 | BV61: Agricultural, Commercial & Construction Vehicles | BY61: 1.9896
B62: Retailing | E62: 2.0585 | H62: Healthcare Services | K62: 1.8984 | N62: Leisure Services | Q62: 2.6187 | Z62: Telecom - Services | AC62: 1.7615 | AF62: Cement & Cement Products | AI62: 2.5684 | AL62: Gas | AO62: 2.42 | AR62: Petroleum Products | AU62: 2.6321 | AX62: Healthcare Services | BA62: 1.2848 | BD62: Realty | BG62: 2.1247 | BP62: Food Products | BS62: 1.7191 | BV62: Chemicals & Petrochemicals | BY62: 1.901
B63: Industrial Manufacturing | E63: 2.0137 | H63: Auto Components | K63: 1.7536 | N63: Petroleum Products | Q63: 2.2513 | Z63: Petroleum Products | AC63: 0.9504 | AF63: Food Products | AI63: 2.4579 | AL63: Petroleum Products | AO63: 2.1386 | AR63: Agricultural, Commercial & Construction Vehicles | AU63: 2.3248 | AX63: IT - Services | BA63: 1.206 | BD63: Electrical Equipment | BG63: 2.0155 | BP63: Gas | BS63: 1.7099 | BV63: Cement & Cement Products | BY63: 1.8244
B64: IT - Services | E64: 1.8203 | H64: Aerospace & Defense | K64: 1.708 | N64: IT - Services | Q64: 1.6923 | Z64: Transport Infrastructure | AC64: 0.1246 | AF64: Construction | AI64: 2.2044 | AL64: Textiles & Apparels | AO64: 1.7729 | AR64: Diversified FMCG | AU64: 2.1215 | AX64: Industrial Products | BA64: 0.3189 | BD64: Agricultural, Commercial & Construction Vehicles | BG64: 1.9687 | BP64: Construction | BS64: 1.1423 | BV64: Entertainment | BY64: 1.6812
B65: Entertainment | E65: 1.214 | H65: Agricultural Food & other Products | K65: 1.6687 | N65: Transport Services | Q65: 1.5929 | AF65: Petroleum Products | AI65: 1.9276 | AL65: Healthcare Services | AO65: 1.7235 | AR65: Chemicals & Petrochemicals | AU65: 1.9096 | BD65: Automobiles | BG65: 1.9336 | BP65: IT - Services | BS65: 0.9837 | BV65: Telecom - Services | BY65: 1.6638
B66: Food Products | E66: 0.9423 | H66: Food Products | K66: 1.5081 | N66: Healthcare Services | Q66: 1.5456 | AF66: Pharmaceuticals & Biotechnology | AI66: 1.7153 | AL66: Construction | AO66: 1.7201 | AR66: Non - Ferrous Metals | AU66: 1.74 | BD66: Textiles & Apparels | BG66: 1.7095 | BP66: Cement & Cement Products | BS66: 0.8864 | BV66: Fertilizers & Agrochemicals | BY66: 1.5196
B67: Agricultural Food & other Products | E67: 0.8868 | H67: Telecom - Services | K67: 1.0417 | N67: Gas | Q67: 1.4623 | AF67: Leisure Services | AI67: 1.3695 | AL67: Fertilizers & Agrochemicals | AO67: 1.5737 | AR67: Healthcare Services | AU67: 0.8829 | BD67: Chemicals & Petrochemicals | BG67: 1.526 | BP67: Fertilizers & Agrochemicals | BS67: 0.8835 | BV67: Retailing | BY67: 1.5139
B68: Electrical Equipment | E68: 0.822 | H68: Ferrous Metals | K68: 1.0405 | N68: Aerospace & Defense | Q68: 1.2211 | AF68: Beverages | AI68: 1.2857 | AL68: Cement & Cement Products | AO68: 1.4131 | BD68: Diversified | BG68: 1.4645 | BP68: Personal Products | BS68: 0.8773 | BV68: Realty | BY68: 1.4172
B69: Construction | E69: 0.7725 | H69: Fertilizers & Agrochemicals | K69: 0.9635 | N69: Fertilizers & Agrochemicals | Q69: 1.212 | AF69: Textiles & Apparels | AI69: 1.2744 | AL69: Transport Services | AO69: 1.3545 | BD69: Healthcare Services | BG69: 1.2849 | BP69: Textiles & Apparels | BS69: 0.6896 | BV69: Gas | BY69: 1.0588
H70: Personal Products | K70: 0.8332 | N70: Food Products | Q70: 1.1703 | AF70: Transport Services | AI70: 1.183 | AL70: Leisure Services | AO70: 1.2376 | BD70: Transport Services | BG70: 1.1226 | BP70: Power | BS70: 0.1493 | BV70: Textiles & Apparels | BY70: 0.9957
H71: Insurance | K71: 0.7979 | N71: Pharmaceuticals & Biotechnology | Q71: 1.1553 | AF71: Agricultural Food & other Products | AI71: 0.8873 | AL71: Diversified FMCG | AO71: 1.1415 | BD71: Power | BG71: 1.026
H72: Non - Ferrous Metals | K72: 0.3814 | N72: Insurance | Q72: 0.7709 | AL72: Agricultural Food & other Products | AO72: 1.0652 | BD72: Industrial Manufacturing | BG72: 1.0036
H73: Agricultural, Commercial & Construction Vehicles | K73: 0.2435 | N73: Realty | Q73: 0.5142 | AL73: Personal Products | AO73: 0.9931
N74: Transport Infrastructure | Q74: 0.3255 | AL74: Aerospace & Defense | AO74: 0.9755
AL75: Entertainment | AO75: 0.9259
AL76: Realty | AO76: 0.7674
AL77: Power | AO77: 0.1056
B90: Grand Total | E90: =SUM(E49:G89) -> 100 | H90: Grand Total | K90: =SUM(K49:M89) -> 100 | N90: Grand Total | Q90: =SUM(Q49:S89) -> 100 | T90: Grand Total | W90: =SUM(W49:Y89) -> 100 | Z90: Grand Total | AC90: =SUM(AC49:AE89) -> 100 | AF90: Grand Total | AI90: =SUM(AI49:AK89) -> 100 | AL90: Grand Total | AO90: =SUM(AO49:AQ89) -> 100 | AR90: Grand Total | AU90: =SUM(AU49:AW89) -> 100 | AX90: Grand Total | BA90: =SUM(BA49:BC89) -> 100 | BD90: Grand Total | BG90: =SUM(BG49:BI89) -> 100 | BJ90: Grand Total | BM90: =SUM(BM49:BO89) -> 100 | BP90: Grand Total | BS90: =SUM(BS49:BU89) -> 100 | BV90: Grand Total | BY90: =SUM(BY49:CA89) -> 100
A92: Scheme Past Performance | B92: Regular (Growth) | E92: Direct (Growth) | H92: Regular (Growth) | K92: Direct (Growth) | N92: Regular (Growth) | Q92: Direct (Growth) | T92: Regular (Growth) | W92: Direct (Growth) | Z92: Regular (Growth) | AC92: Direct (Growth) | AF92: Regular (Growth) | AI92: Direct (Growth) | AL92: Regular (Growth) | AO92: Direct (Growth) | AR92: Regular (Growth) | AU92: Direct (Growth) | AX92: Regular (Growth) | BA92: Direct (Growth) | BD92: Regular (Growth) | BG92: Direct (Growth) | BJ92: Regular (Growth) | BM92: Direct (Growth) | BP92: Regular (Growth) | BS92: Direct (Growth) | BV92: Regular (Growth) | BY92: Direct (Growth)
B93: Scheme (%) | C93: Scheme Benchmark (%) | D93: Additional Benchmark (%) | E93: Scheme (%) | F93: Scheme Benchmark (%) | G93: Additional Benchmark (%) | H93: Scheme (%) | I93: Scheme Benchmark (%) | J93: Additional Benchmark (%) | K93: Scheme (%) | L93: Scheme Benchmark (%) | M93: Additional Benchmark (%) | N93: Scheme (%) | O93: Scheme Benchmark (%) | P93: Additional Benchmark (%) | Q93: Scheme (%) | R93: Scheme Benchmark (%) | S93: Additional Benchmark (%) | T93: Scheme (%) | U93: Scheme Benchmark (%) | V93: Additional Benchmark (%) | W93: Scheme (%) | X93: Scheme Benchmark (%) | Y93: Additional Benchmark (%) | Z93: Scheme (%) | AA93: Scheme Benchmark (%) | AB93: Additional Benchmark (%) | AC93: Scheme (%) | AD93: Scheme Benchmark (%) | AE93: Additional Benchmark (%) | AF93: Scheme (%) | AG93: Scheme Benchmark (%) | AH93: Additional Benchmark (%) | AI93: Scheme (%) | AJ93: Scheme Benchmark (%) | AK93: Additional Benchmark (%) | AL93: Scheme (%) | AM93: Scheme Benchmark (%) | AN93: Additional Benchmark (%) | AO93: Scheme (%) | AP93: Scheme Benchmark (%) | AQ93: Additional Benchmark (%) | AR93: Scheme (%) | AS93: Scheme Benchmark (%) | AT93: Additional Benchmark (%) | AU93: Scheme (%) | AV93: Scheme Benchmark (%) | AW93: Additional Benchmark (%) | AX93: Scheme (%) | AY93: Scheme Benchmark (%) | AZ93: Additional Benchmark (%) | BA93: Scheme (%) | BB93: Scheme Benchmark (%) | BC93: Additional Benchmark (%) | BD93: Scheme (%) | BE93: Scheme Benchmark (%) | BF93: Additional Benchmark (%) | BG93: Scheme (%) | BH93: Scheme Benchmark (%) | BI93: Additional Benchmark (%) | BJ93: Scheme (%) | BK93: Scheme Benchmark (%) | BL93: Additional Benchmark (%) | BM93: Scheme (%) | BN93: Scheme Benchmark (%) | BO93: Additional Benchmark (%) | BP93: Scheme (%) | BQ93: Scheme Benchmark (%) | BR93: Additional Benchmark (%) | BS93: Scheme (%) | BT93: Scheme Benchmark (%) | BU93: Additional Benchmark (%) | BV93: Scheme (%) | BW93: Scheme Benchmark (%) | BX93: Additional Benchmark (%) | BY93: Scheme (%) | BZ93: Scheme Benchmark (%) | CA93: Additional Benchmark (%)
A94: 1 year | B94: 9.4032 | C94: 9.8747 | D94: 7.0085 | E94: 10.4872 | F94: 9.8747 | G94: 7.0085 | H94: 3.328 | I94: 5.3308 | J94: 7.0085 | K94: 3.8592 | L94: 5.3308 | M94: 7.0085 | N94: 6.6445 | O94: 14.2542 | P94: 7.0085 | Q94: 7.989 | R94: 14.2542 | S94: 7.0085 | T94: 8.9961 | U94: 4.5509 | V94: 7.0085 | W94: 10.4667 | X94: 4.5509 | Y94: 7.0085 | Z94: 24.0532 | AA94: 17.1367 | AB94: 7.0085 | AC94: 25.3503 | AD94: 17.1367 | AE94: 7.0085 | AF94: 9.6435 | AG94: 9.8747 | AH94: 7.0085 | AI94: 10.803 | AJ94: 9.8747 | AK94: 7.0085 | AL94: NA | AM94: NA | AN94: NA | AO94: NA | AP94: NA | AQ94: NA | AR94: 10.654 | AS94: 9.8747 | AT94: 7.0085 | AU94: 11.7422 | AV94: 9.8747 | AW94: 7.0085 | AX94: 5.9731 | AY94: 9.8747 | AZ94: 7.0085 | BA94: 6.9087 | BB94: 9.8747 | BC94: 7.0085 | BD94: 15.7702 | BE94: 23.4541 | BF94: 7.0085 | BG94: 16.7445 | BH94: 23.4541 | BI94: 7.0085 | BJ94: 6.1382 | BK94: 14.8222 | BL94: 7.0085 | BM94: 7.4794 | BN94: 14.8222 | BO94: 7.0085 | BP94: 15.5852 | BQ94: 29.1379 | BR94: 7.0085 | BS94: 16.6665 | BT94: 29.1379 | BU94: 7.0085 | BV94: 9.6831 | BW94: 9.8747 | BX94: 6.5388 | BY94: 10.6034 | BZ94: 9.8747 | CA94: 6.5388
A95: 3 Years | B95: 18.4529 | C95: 21.8434 | D95: 19.2728 | E95: 19.2837 | F95: 21.8434 | G95: 19.2728 | H95: 16.8526 | I95: 18.7524 | J95: 19.2728 | K95: 17.1065 | L95: 18.7524 | M95: 19.2728 | N95: 19.097 | O95: 25.3355 | P95: 19.2728 | Q95: 20.8448 | R95: 25.3355 | S95: 19.2728 | T95: 19.5908 | U95: 19.0707 | V95: 19.2728 | W95: 21.3507 | X95: 19.0707 | Y95: 19.2728 | Z95: 32.106 | AA95: 26.4886 | AB95: 19.2728 | AC95: 33.6763 | AD95: 26.4886 | AE95: 19.2728 | AF95: 18.5517 | AG95: 21.8434 | AH95: 19.2728 | AI95: 19.929 | AJ95: 21.8434 | AK95: 19.2728 | AL95: NA | AM95: NA | AN95: NA | AO95: NA | AP95: NA | AQ95: NA | AR95: 19.0024 | AS95: 21.8434 | AT95: 19.2728 | AU95: 20.1773 | AV95: 21.8434 | AW95: 19.2728 | AX95: 17.7787 | AY95: 21.8434 | AZ95: 19.2728 | BA95: 18.8056 | BB95: 21.8434 | BC95: 19.2728 | BD95: 21.8909 | BE95: 31.9534 | BF95: 19.2728 | BG95: 22.9513 | BH95: 31.9534 | BI95: 19.2728 | BJ95: 6.9482 | BK95: 13.0357 | BL95: 19.2728 | BM95: 8.2843 | BN95: 13.0357 | BO95: 19.2728 | BP95: 34.0018 | BQ95: 35.3205 | BR95: 19.2728 | BS95: 35.3109 | BT95: 35.3205 | BU95: 19.2728 | BV95: 20.427 | BW95: 21.8434 | BX95: 18.649 | BY95: 21.4607 | BZ95: 21.8434 | CA95: 18.649
A96: 5 years | B96: 12.8993 | C96: 15.1627 | D96: 14.2662 | E96: 13.9891 | F96: 15.1627 | G96: 14.2662 | H96: 13.4298 | I96: 13.6933 | J96: 14.2662 | K96: 13.8857 | L96: 13.6933 | M96: 14.2662 | N96: 14.0354 | O96: 17.0174 | P96: 14.2662 | Q96: 15.6764 | R96: 17.0174 | S96: 14.2662 | T96: 10.7636 | U96: 13.2404 | V96: 14.2662 | W96: 12.739 | X96: 13.2404 | Y96: 14.2662 | Z96: 18.5638 | AA96: 17.2077 | AB96: 14.2662 | AC96: 19.8098 | AD96: 17.2077 | AE96: 14.2662 | AF96: 11.878 | AG96: 15.1627 | AH96: 14.2662 | AI96: 13.3108 | AJ96: 15.1627 | AK96: 14.2662 | AL96: NA | AM96: NA | AN96: NA | AO96: NA | AP96: NA | AQ96: NA | AR96: NA | AS96: NA | AT96: NA | AU96: NA | AV96: NA | AW96: NA | AX96: 12.2438 | AY96: 15.1627 | AZ96: 14.2662 | BA96: 13.4036 | BB96: 15.1627 | BC96: 14.2662 | BD96: 13.5912 | BE96: 20.2165 | BF96: 14.2662 | BG96: 14.7165 | BH96: 20.2165 | BI96: 14.2662 | BJ96: NA | BK96: NA | BL96: NA | BM96: NA | BN96: NA | BO96: NA | BP96: 18.8894 | BQ96: 20.0304 | BR96: 14.2662 | BS96: 20.2051 | BT96: 20.0304 | BU96: 14.2662 | BV96: 12.2461 | BW96: 15.1627 | BX96: 14.5061 | BY96: 13.3659 | BZ96: 15.1627 | CA96: 14.5061
A97: Since Inception | B97: 7.3836 | C97: NA | D97: 12.8027 | E97: 12.527 | F97: 13.5679 | G97: 12.7261 | H97: 5.2407 | I97: NA | J97: 10.6919 | K97: 12.5948 | L97: 12.8199 | M97: 12.7261 | N97: 11.8862 | O97: 13.4565 | P97: 10.7463 | Q97: 13.4109 | R97: 13.4565 | S97: 10.7463 | T97: 6.1373 | U97: 12.5667 | V97: 11.4749 | W97: 7.3411 | X97: 12.5667 | Y97: 11.4749 | Z97: 7.2281 | AA97: 3.9992 | AB97: 10.8481 | AC97: 13.501 | AD97: 9.7235 | AE97: 12.7261 | AF97: 9.905 | AG97: 14.873 | AH97: 13.2445 | AI97: 15.1535 | AJ97: 13.5679 | AK97: 12.7261 | AL97: 14.611 | AM97: 15.5928 | AN97: 7.0085 | AO97: 16.647 | AP97: 15.5928 | AQ97: 7.0085 | AR97: 14.7706 | AS97: 14.7397 | AT97: 13.8745 | AU97: 16.1576 | AV97: 14.7397 | AW97: 13.8745 | AX97: 8.8532 | AY97: 12.005 | AZ97: 12.2938 | BA97: 10.2872 | BB97: 12.005 | BC97: 12.2938 | BD97: 10.5804 | BE97: 17.7906 | BF97: 13.9121 | BG97: 12.1316 | BH97: 17.7906 | BI97: 13.9121 | BJ97: 14.1791 | BK97: 16.6011 | BL97: 14.3353 | BM97: 15.8146 | BN97: 16.6011 | BO97: 14.3353 | BP97: 12.9031 | BQ97: 12.2534 | BR97: 12.7241 | BS97: 14.5606 | BT97: 12.2534 | BU97: 12.7241 | BV97: 11.7552 | BW97: 12.0397 | BX97: 11.6701 | BY97: 12.936 | BZ97: 12.0397 | CA97: 11.6701
A99: First Tier Benchmark Index | C99: Nifty 500 TRI | D99: Nifty 50 TRI | F99: Nifty 500 TRI | G99: Nifty 50 TRI | I99: Nifty 100 TRI | J99: Nifty 50 TRI | L99: Nifty 100 TRI | M99: Nifty 50 TRI | O99: Nifty LargeMidcap 250 TRI | P99: Nifty 50 TRI | R99: Nifty LargeMidcap 250 TRI | S99: Nifty 50 TRI | U99: Nifty Financial Services TRI | V99: Nifty 50 TRI | X99: Nifty Financial Services TRI | Y99: Nifty 50 TRI | AA99: Nifty Infrastructure TRI | AB99: Nifty 50 TRI | AD99: Nifty Infrastructure TRI | AE99: Nifty 50 TRI | AG99: Nifty 500 TRI | AH99: Nifty 50 TRI | AJ99: Nifty 500 TRI | AK99: Nifty 50 TRI | AM99: NIFTY 500 Multicap 50:25:25 TRI | AN99: Nifty 50 TRI | AP99: NIFTY 500 Multicap 50:25:25 TRI | AQ99: Nifty 50 TRI | AS99: NIFTY 500 TRI | AT99: Nifty 50 TRI | AV99: NIFTY 500 TRI | AW99: Nifty 50 TRI | AY99: NIFTY 500 TRI | AZ99: Nifty 50 TRI | BB99: NIFTY 500 TRI | BC99: Nifty 50 TRI | BE99: NIFTY Midcap 150 TRI | BF99: Nifty 50 TRI | BH99: NIFTY Midcap 150 TRI | BI99: Nifty 50 TRI | BK99: S&P BSE Health Care TRI | BL99: Nifty 50 TRI | BN99: S&P BSE Health Care TRI | BO99: Nifty 50 TRI | BQ99: NIFTY Smallcap 250 TRI | BR99: Nifty 50 TRI | BT99: NIFTY Smallcap 250 TRI | BU99: Nifty 50 TRI | BW99: NIFTY 500 TRI | BX99: S&P BSE Sensex TRI | BZ99: NIFTY 500 TRI | CA99: S&P BSE Sensex TRI
A100: NAV/ Index Value | B100: 75.381 | C100: 26281.76 | D100: 28017.36 | E100: 81.712 | F100: =C100 -> 26281.76 | G100: =D100 -> 28017.36 | H100: 41.7532 | I100: 25575.44 | J100: =D100 -> 28017.36 | K100: 46.5332 | L100: =I100 -> 25575.44 | M100: =J100 -> 28017.36 | N100: 26.5228 | O100: 14645.18 | P100: =M100 -> 28017.36 | Q100: 29.8313 | R100: =O100 -> 14645.18 | S100: =P100 -> 28017.36 | T100: 17.0725 | U100: 23874.46 | V100: =P100 -> 28017.36 | W100: 18.7662 | X100: =U100 -> 23874.46 | Y100: =V100 -> 28017.36 | Z100: 29.7322 | AA100: 7850.77 | AB100: =V100 -> 28017.36 | AC100: 33.234 | AD100: =AA100 -> 7850.77 | AE100: =AB100 -> 28017.36 | AF100: 111.3793 | AG100: =F100 -> 26281.76 | AH100: =#REF! -> #REF! | AI100: 124.534 | AJ100: =AG100 -> 26281.76 | AK100: =AH100 -> #REF! | AL100: 11.4611 | AM100: 14744.87 | AN100: =+Hybrid!S100 -> 28017.36 | AO100: 11.6647 | AP100: =AM100 -> 14744.87 | AQ100: =AN100 -> 28017.36 | AR100: 19.5415 | AS100: =AJ100 -> 26281.76 | AT100: =AQ100 -> 28017.36 | AU100: 20.717 | AV100: =AS100 -> 26281.76 | AW100: =AT100 -> 28017.36 | AX100: 16.5742 | AY100: =AS100 -> 26281.76 | AZ100: =AT100 -> 28017.36 | BA100: 17.9179 | BB100: =AY100 -> 26281.76 | BC100: =AZ100 -> 28017.36 | BD100: 19.7504 | BE100: 18301.37 | BF100: =BC100 -> 28017.36 | BG100: 21.7028 | BH100: =BE100 -> 18301.37 | BI100: =BF100 -> 28017.36 | BJ100: 18.5848 | BK100: 31282.04 | BL100: =BI100 -> 28017.36 | BM100: 19.8622 | BN100: =BK100 -> 31282.04 | BO100: =BL100 -> 28017.36 | BP100: 21.6491 | BQ100: 15093.39 | BR100: =BO100 -> 28017.36 | BS100: 23.7533 | BT100: =BQ100 -> 15093.39 | BU100: =BR100 -> 28017.36 | BV100: 17.8235 | BW100: =BB100 -> 26281.76 | BX100: =Others!AA99 -> 97769.99 | BY100: 18.8247 | BZ100: =BW100 -> 26281.76 | CA100: =BX100 -> 97769.99
A101: Scheme Riskometer | B101: The product is suitable for investors who are seeking*
B102: :) Long term capital appreciation | H102: :) Long Term Capital Appreciation | N102: :) Long Term Capital Appreciation. | T102: :) Capital appreciation over long term | Z102: :) Long Term Capital Growth | AF102: :) Long Term Capital Growth | AL102: :) Long term capital appreciation | AR102: :) Long term capital appreciation | AX102: :) Long term capital appreciation | BD102: :) Long term capital appreciation | BJ102: :) Long term capital appreciation | BP102: :) Long term capital appreciation | BV102: :) Long term capital appreciation
B103: :) Investing across Large, Mid & Small Cap stocks. | H103: :) A Fund that primarily invest in large-cap stock. | N103: :) A fund that primarily invests in Large and Mid-cap stocks | T103: :) Investing predominantly in portfolio of equity and equity related securities of companies engaged in banking and financial services. | Z103: :) Investment in equity and equity related instruments of companies engaged either directly or indirectly in infrastructure sector. | AF103: :) Investment in equity and equity related securities | AL103: :) Investing in equity and equity related intruments across Large, Mid & Small Cap stocks. | AR103: :) Investment predominantly in dividend yielding equity and equity related instruments. | AX103: :) Investment predominantly in large cap focused equity & equity related instruments of up to 30 companies and balance in debt & money market instruments. | BD103: :) Investment predominantly in equity and equity related instruments of Midcap companies. | BJ103: :) Investment predominantly in equity and equity related instruments of companies engaged in Healthcare & Allied Sectors. | BP103: :) Investment predominantly in equity and equity related instruments of Smallcap companies. | BV103: :) Investment in equity and equity related instruments by following value investment strategy.
B104: :) Risk - Very High | H104: :) Risk - Very High | N104: :) Risk - Very High | T104: :) Risk - Very High | Z104: :) Risk - Very High | AF104: :) Risk - Very High | AL104: :) Risk - Very High | AR104: :) Risk - Very High | AX104: :) Risk - Very High | BD104: :) Risk - Very High | BJ104: :) Risk - Very High | BP104: :) Risk - Very High | BV104: :) Risk - Very High
A120: Benchmark Riskometer | B120: First Tier Benchmark - Nifty 500 TRI | H120: First Tier Benchmark - Nifty 100 TRI | N120: First Tier Benchmark - Nifty LargeMidcap 250 TRI | T120: First Tier Benchmark - Nifty Financial Services TRI | Z120: First Tier Benchmark - Nifty Infrastructure TRI | AF120: First Tier Benchmark - Nifty 500 TRI | AL120: First Tier Benchmark - Nifty 500 Multicap 50:25:25 | AR120: First Tier Benchmark - Nifty 500 TRI | AX120: First Tier Benchmark - Nifty 500 TRI | BD120: First Tier Benchmark - Nifty Midcap 150 TRI | BJ120: First Tier Benchmark - S&P BSE Health Care TRI | BP120: First Tier Benchmark - Nifty Smallcap 250 TRI | BV120: First Tier Benchmark - Nifty 500 TRI
B121: :) Risk - Very High | H121: :) Risk - Very High | N121: :) Risk - Very High | T121: :) Risk - Very High | Z121: :) Risk - Very High | AF121: :) Risk - Very High | AL121: :) Risk - Very High | AR121: :) Risk - Very High | AX121: :) Risk - Very High | BD121: :) Risk - Very High | BJ121: :) Risk - Very High | BP121: :) Risk - Very High | BV121: :) Risk - Very High
I136: `
A137: Disclaimer :
A138: Mutual Fund Investments are subject to market risks, read all scheme related documents carefully.
A139: *Investors should consult their financial advisers if in doubt about whether the product is suitable for them.
A141: Notes:
A142: 1) All scheme returns are for growth option
A143: 2) All above data is as on 31/10/2023.
A144: 3)The performance of the scheme is benchmarked to the Total Return variant of the Index
A145: 4)As TRI data is not available since Inception of LIC MF Flexi cap Fund, benchmark performance is calculated using composite CAGR of Nifty 50 PRI values from date 15-Apr-1993 to date 30-Jun-1999 and TRI values since date 30-Jun-1999
A146: 5)As TRI data is not available since Inception of LIC MF Large Cap Fund, benchmark performance is calculated using composite CAGR of Nifty 50 PRI values from date 01-Sep-1994 to date 30-Jun-1999 and TRI values since date 30-Jun-1999
A147: 6)As TRI data is not available since Inception of LIC MF ELSS, benchmark performance is calculated using composite CAGR of Nifty 50 PRI values from date 31-Mar-1997 to date 30-Jun-1999 and TRI values since date 30-Jun-1999
A148: 7) The scheme performance IDBI MF schemes merged with LIC MF schemes herewith is a blended performance on weighted average, as per applicable guidelines of SEBI.
A149: "@ Base TER excludes additional expenses provided in Regulation 52(6A)(b) and 52(6A)(c) of SEBI (Mutual Funds) Regulations, 1996 and Goods and Services Tax (GST) on investment and advisory fees as per applicable RATE.
... A157: With reference to SEBI’s letter no. SEBI/HO/ IMD/ IMD-SEC-3/ P/ OW/ 2023/ 5823/ 1 dated February 24, 2023, and AMFI Circular No. CIR/ ARN-23/ 2022-23 March 07, 2023, the B-30 incentive structure for new inflows has been kept in abeyance with effect from March 01, 2023 till the incentive structure is appropriately re-instated by SEBI with necessary safeguards.

Sheet Debt-Excl.Over,Liq,LowDur,Ult,M
A1: =Equity!A1 -> Dashboard as on 31/10/2023
A2: Scheme Name | B2: LIC MF Banking & PSU Debt Fund | H2: LIC MF Gilt Fund (ERSTWHILE LIC MF Government Securities Fund) | N2: LIC MF Medium to Long Duration Bond Fund (ERSTWHILE LIC MF Bond Fund) | T2: LIC MF Short Duration Fund (ERSTWHILE LIC MF Short Term Debt Fund)
A4: Date of Allotment - Regular | B4: 31.05.2007 | H4: 10.12.1999 | N4: 23.06.1999 | T4: 01.02.2019
A5: Date of Allotment - Direct | B5: 01.01.2013 | H5: 01.01.2013 | N5: 01.01.2013 | T5: 01.02.2019
A7: AUM (in Rs. crore) | B7: 1110.7189 | H7: 45.926402 | N7: 183.88574 | T7: 129.06873
A9: Investment Objective | B9: The primary investment objective of the Scheme is to seek to generate income and capital appreciation by primarily investing in a portfolio of high quality debt and money market securities that are issued by banks, public sector undertakings, public financial institutions and Municipal Bonds. There is no assurance that the investment objective of the Scheme will be realized. | H9: The primary objective of the scheme is to generate credit risk free and reasonable returns for its investors through investments in sovereign securities issued by the central and /or state Government and/or any security unconditionally guaranteed by the central/ state government for repayment of Principal and interest and/or reverse repos in such securities as and when permitted by RBI. However, there is no assurance that the investment objective of the Schemes will be realized. | N9: LIC MF Medium to Long Duration Bond fund is an open-ended debt scheme which will endeavor to generate an attractive return for its investors by investing in a portfolio is between 4 years and 7 years. However, there is no assurance that the investment objective of the Schemes will be realized. | T9: The primary investment objective of the scheme is to generate returns commensurate with risk from a portfolio constituted of Debt securities and/or Money Market instruments. However there can be no assurance that the investment objective of the scheme will be achieved.
A11: Fund Manager | B11: Mr. Marzban Irani (managing since 10/08/16) / Mr. Pratik Harish Shroff (Co Fund Manager, managing since 26/09/23) | H11: Mr. Marzban Irani (managing since 10/18/16) / Mr. Pratik Harish Shroff (Co Fund Manager, managing since 26/09/23) / | N11: Mr. Marzban Irani (managing since 10/08/16) / Mr. Pratik Harish Shroff (Co Fund Manager, from 26/09/23) | T11: Mr. Marzban Irani (managing since 01/02/19) / Mr. Pratik Harish Shroff (Co Fund Manager, managing since 26/09/23)
A13: Total Expense Ratio (Weighted Average for the month) Excluding Goods and Service Tax on Management Fees
B14: Regular | E14: Direct | H14: Regular | K14: Direct | N14: Regular | Q14: Direct | T14: Regular | W14: Direct
A15: Base TER (%)@ | B15: 0.75 | E15: 0.25 | H15: 1.35 | K15: 0.63 | N15: 1.21 | Q15: 0.2 | T15: 1.29 | W15: 0.33
A16: Additional expense as per Regulation 52(6A)(b) (%)# | B16: 0 | E16: 0 | H16: 0 | K16: 0 | N16: 0 | Q16: 0 | T16: 0 | W16: 0
A17: Additional expense as per Regulation 52(6A)(c) (%)$ | B17: 0 | E17: 0 | H17: 0.05 | K17: 0.05 | N17: 0 | Q17: 0 | T17: 0 | W17: 0
A18: GST (%)^ | B18: 0.03 | E18: 0.03 | H18: 0.08 | K18: 0.08 | N18: 0.01 | Q18: 0.01 | T18: 0.04 | W18: 0.04
A19: Total TER (%) | B19: =SUM(B15:D18) -> 0.78 | E19: =SUM(E15:G18) -> 0.28 | H19: =SUM(H15:J18) -> 1.48 | K19: =SUM(K15:M18) -> 0.76 | N19: =SUM(N15:P18) -> 1.22 | Q19: =SUM(Q15:S18) -> 0.21 | T19: =SUM(T15:V18) -> 1.33 | W19: =SUM(W15:Y18) -> 0.37
A21: Portfolio (Top 10 Holdings) | B21: Name of the issuer | E21: % of Scheme | H21: Name of the issuer | K21: % of Scheme | N21: Name of the issuer | Q21: % of Scheme | T21: Name of the issuer | W21: % of Scheme
B22: Government Bond | E22: 12.3635 | H22: Government Bond | K22: 69.7313 | N22: State Government Bond | Q22: 51.7449 | T22: Government Bond | W22: 30.5185
B23: National Bk for Agriculture & Rural Dev. | E23: 9.6849 | H23: State Government Bond | K23: 24.2953 | N23: Government Bond | Q23: 39.02 | T23: Government Treasury Bill | W23: 11.0986
B24: Small Industries Development Bk of India | E24: 9.5177 | H24: Others | K24: 0 | N24: HDFC Bank Ltd. | Q24: 5.5477 | T24: Bajaj Finance Ltd. | W24: 8.2741
B25: Power Finance Corporation Ltd. | E25: 9.5075 | H25: Cash & Cash Equivalent: | K25: 5.9734 | N25: SBI Funds Management Ltd. | Q25: 0.1935 | T25: Small Industries Development Bk of India | W25: 8.2182
B26: REC Ltd. | E26: 9.3154 | N26: Others | Q26: 0 | T26: REC Ltd. | W26: 7.8179
B27: NTPC Ltd. | E27: 7.2521 | N27: Cash & Cash Equivalent: | Q27: 3.4939 | T27: Power Finance Corporation Ltd. | W27: 7.7918
B28: Power Grid Corporation of India Ltd. | E28: 4.7539 | T28: National Bk for Agriculture & Rural Dev. | W28: 7.7013
B29: Bajaj Finance Ltd. | E29: 4.6968 | T29: Tata Capital Financial Services Ltd. | W29: 5.6988
B30: Indian Railway Finance Corporation Ltd. | E30: 4.5767 | T30: Indian Railway Finance Corporation Ltd. | W30: 3.9932
B31: Oil & Natural Gas Corporation Ltd. | E31: 4.5669 | T31: State Government Bond | W31: 0.5931
B32: Others | E32: 21.3447 | T32: Others | W32: 0.278
B33: Cash & Cash Equivalent: | E33: 2.4199 | T33: Cash & Cash Equivalent: | W33: 8.0165
B34: Grand Total | E34: =SUM(E22:G33) -> 100 | H34: Grand Total | K34: =SUM(K22:M33) -> 100 | N34: Grand Total | Q34: =SUM(Q22:S33) -> 100 | T34: Grand Total | W34: =SUM(W22:Y33) -> 100
A36: Asset Allocation | B36: Asset Allocation | E36: % of Scheme | H36: Asset Allocation | K36: % of Scheme | N36: Asset Allocation | Q36: % of Scheme | T36: Asset Allocation | W36: % of Scheme
B37: CORPORATE DEBT | E37: 76.683373 | H37: GOVERNMENT BOND AND TREASURY BILL | K37: =SUM(K22:M24) -> 94.0266 | N37: GOVERNMENT BOND AND TREASURY BILL | Q37: 90.765436 | T37: CORPORATE DEBT | W37: 49.495677
B38: GOVERNMENT BOND AND TREASURY BILL | E38: 14.186577 | H38: Cash & Other Receivables | K38: =K25 -> 5.9734 | N38: CORPORATE DEBT | Q38: 5.5477198 | T38: GOVERNMENT BOND AND TREASURY BILL | W38: 42.210345
B39: Money Market Instruments | E39: 6.4328524 | N39: Cash & Other Receivables | Q39: 3.4933099 | T39: Cash & Other Receivables | W39: 8.0159139
B40: Cash & Other Receivables | E40: 2.418175 | N40: Mutual Fund Units | Q40: 0.19353405 | T40: Mutual Fund Units | W40: 0.27806433
B41: Mutual Fund Units | E41: 0.27902326
B42: Grand Total | E42: =SUM(E37:G41) -> 100 | H42: Grand Total | K42: =SUM(K37:M41) -> 100 | N42: Grand Total | Q42: =SUM(Q37:S41) -> 100 | T42: Grand Total | W42: =SUM(W37:Y41) -> 100
A44: Scheme Past Performance | B44: Regular (Growth) | E44: Direct (Growth) | H44: Regular (Growth) | K44: Direct (Growth) | N44: Regular (Growth) | Q44: Direct (Growth) | T44: Regular (Growth) | W44: Direct (Growth)
B45: Scheme (%) | C45: Scheme Benchmark (%) | D45: Additional Benchmark (%) | E45: Scheme (%) | F45: Scheme Benchmark (%) | G45: Additional Benchmark (%) | H45: Scheme (%) | I45: Scheme Benchmark (%) | J45: Additional Benchmark (%) | K45: Scheme (%) | L45: Scheme Benchmark (%) | M45: Additional Benchmark (%) | N45: Scheme (%) | O45: Scheme Benchmark (%) | P45: Additional Benchmark (%) | Q45: Scheme (%) | R45: Scheme Benchmark (%) | S45: Additional Benchmark (%) | T45: Scheme (%) | U45: Scheme Benchmark (%) | V45: Additional Benchmark (%) | W45: Scheme (%) | X45: Scheme Benchmark (%) | Y45: Additional Benchmark (%)
A46: 1 year | B46: 6.2834 | C46: 6.8043 | D46: 7.4391 | E46: 6.8516 | F46: 6.8043 | G46: 7.4391 | H46: 5.6256 | I46: 7.5577 | J46: 7.4391 | K46: 6.3825 | L46: 7.5577 | M46: 7.4391 | N46: 6.5146 | O46: 8.2078 | P46: 7.4391 | Q46: 7.1981 | R46: 8.2078 | S46: 7.4391 | T46: 5.8567 | U46: 7.7695 | V46: 7.4391 | W46: 6.8537 | X46: 7.7695 | Y46: 7.4391
A47: 3 Years | B47: 3.8827 | C47: 4.5934 | D47: 2.6457 | E47: 4.4498 | F47: 4.5934 | G47: 2.6457 | H47: 2.9593 | I47: 3.9192 | J47: 2.6457 | K47: 3.7019 | L47: 3.9192 | M47: 2.6457 | N47: 3.2059 | O47: 5.8991 | P47: 2.6457 | Q47: 3.6873 | R47: 5.8991 | S47: 2.6457 | T47: 3.5237 | U47: 5.5028 | V47: 2.6457 | W47: 4.5624 | X47: 5.5028 | Y47: 2.6457
A48: 5 years | B48: 6.2715 | C48: 6.9728 | D48: 6.2002 | E48: 6.8485 | F48: 6.9728 | G48: 6.2002 | H48: 6.648 | I48: 7.5415 | J48: 6.2002 | K48: 7.4397 | L48: 7.5415 | M48: 6.2002 | N48: 6.0395 | O48: 8.4844 | P48: 6.2002 | Q48: 6.6379 | R48: 8.4844 | S48: 6.2002 | T48: NA | U48: NA | V48: NA | W48: NA | X48: NA | Y48: NA
A49: Since Inception | B49: 7.014 | C49: 7.8988 | D49: 6.3765 | E49: 7.3108 | F49: 7.425 | G49: 6.1634 | H49: 7.1532 | I49: NA | J49: NA | K49: 7.4172 | L49: 7.12 | M49: 6.1645 | N49: 7.8021 | O49: 9.6341 | P49: NA | Q49: 6.8511 | R49: 8.5274 | S49: 6.1645 | T49: 5.0692 | U49: 7.098 | V49: 5.7802 | W49: 6.4106 | X49: 7.098 | Y49: 5.7802
A51: First Tier Benchmark Index | C51: NIFTY Banking & PSU Debt Index | D51: CRISIL 10 Year Gilt Index | F51: NIFTY Banking & PSU Debt Index | G51: CRISIL 10 Year Gilt Index | I51: NIFTY All Duration G-Sec Index | J51: Crisil 10 Year Gilt Index | L51: NIFTY All Duration G-Sec Index | M51: Crisil 10 Year Gilt Index | O51: CRISIL Medium to Long Duration Fund BIII Index | P51: Crisil 10 Year Gilt Index | R51: CRISIL Medium to Long Duration Fund BIII Index | S51: Crisil 10 Year Gilt Index | U51: CRISIL Short Duration Fund BII Index | V51: Crisil 10 Year Gilt Index | X51: CRISIL Short Duration Fund BII Index | Y51: Crisil 10 Year Gilt Index
A52: NAV/ Index Value | B52: 30.4589 | C52: 5043.92 | D52: 4337.8231 | E52: 32.5766 | F52: =C52 -> 5043.92 | G52: =D52 -> 4337.8231 | H52: 52.1593 | I52: 4568.75 | J52: =D52 -> 4337.8231 | K52: 56.7753 | L52: =I52 -> 4568.75 | M52: =D52 -> 4337.8231 | N52: 62.4039 | O52: 14501.698 | P52: =D52 -> 4337.8231 | Q52: 66.1256 | R52: =O52 -> 14501.698 | S52: =P52 -> 4337.8231 | T52: 12.8257 | U52: 4489.1454 | V52: =#REF! -> #REF! | W52: 13.4813 | X52: =U52 -> 4489.1454 | Y52: =V52 -> #REF!
A53: Scheme Riskometer | B53: The product is suitable for investors who are seeking*
B54: :) Regular income for medium term capital appreciation with current income. | H54: :) Long term Capital Appreciation and current income | N54: :) Income Over Medium to long term | T54: :) Generation of reasonable returns over short to medium term.
B55: :) An income fund that invests predominantly in debt and money market instruments issued by Banks, Public Sector Undertakings, Public Financial Institutions and Municipal Bonds. | H55: :) Investment in sovereign securities issued by Central / State Government | N55: :) To generate income/capital appreciation through investments in Debt / Money Market Instruments | T55: :) Investment in Debt securities and money market instruments.
B56: :) Risk - Moderate | H56: :) Risk - Moderate | N56: :) Risk - Moderate | T56: :) Risk - Moderate
B72: First Tier Benchmark - NIFTY Banking & PSU Debt Index | H72: First Tier Benchmark - NIFTY All Duration G-Sec Index | N72: First Tier Benchmark - CRISIL Medium to Long Duration Fund BIII Index | T72: First Tier Benchmark - CRISIL Short Duration Fund BII Index
A73: Benchmark Riskometer | B73: :) Risk - Moderate | H73: :) Risk - Moderate | N73: :) Risk - Moderately High | T73: :) Risk - Low to Moderate
A89: Potential Risk Class (PRC) Matrix | B89: Potential Risk Class | H89: Potential Risk Class | N89: Potential Risk Class | T89: Potential Risk Class
B90: Credit Risk | D90: Relatively Low (Class A) | E90: Moderate (Class B) | F90: Relatively High (Class C) | H90: Credit Risk | J90: Relatively Low (Class A) | K90: Moderate (Class B) | L90: Relatively High (Class C) | N90: Credit Risk | P90: Relatively Low (Class A) | Q90: Moderate (Class B) | R90: Relatively High (Class C) | T90: Credit Risk | V90: Relatively Low (Class A) | W90: Moderate (Class B) | X90: Relatively High (Class C)
B91: Interest Rate Risk | H91: Interest Rate Risk | N91: Interest Rate Risk | T91: Interest Rate Risk
B92: Relatively Low (Class I) | H92: Relatively Low (Class I) | N92: Relatively Low (Class I) | T92: Relatively Low (Class I)
B93: Scheme (%) | H93: Moderate (Class II) | N93: Moderate (Class II) | T93: Moderate (Class II) | W93: B-II
B94: Relatively High (Class III) | D94: A-III | H94: Relatively High (Class III) | J94: A-III | N94: Relatively High (Class III) | Q94: B-III | T94: Relatively High (Class III)
A98: Disclaimer :
A99: Mutual Fund Investments are subject to market risks, read all scheme related documents carefully.
A100: *Investors should consult their financial advisers if in doubt about whether the product is suitable for them.
A102: Notes:
A103: 1) All scheme returns are for growth option
A104: =Equity!A143 -> 2) All above data is as on 31/10/2023.
A105: 3)The performance of the scheme is benchmarked to the Total Return variant of the Index
A106: 4) Pursuant to paragraph 17.5 of SEBI Master Circular for Mutual Funds dated May 19, 2023, regarding Potential Risk Class (PRC) Matrix for debt schemes the PRC Matrix for debt schemes of LIC Mutual Fund has been given above.
A107: 5) The scheme performance IDBI MF schemes merged with LIC MF schemes herewith is a blended performance on weighted average, as per applicable guidelines of SEBI.
A108: "@ Base TER excludes additional expenses provided in Regulation 52(6A)(b) and 52(6A)(c) of SEBI (Mutual Funds) Regulations, 1996 and Goods and Services Tax (GST) on investment and advisory fees as per applicable RATE.
A109: "# Additional Expenses not exceeding 0.30% in terms of Regulation 52(6A)(b) of SEBI (Mutual Funds) Regulations, 1996
A110: "$ Additional Expenses not exceeding 0.05% in terms of Regulation 52(6A)(c) of SEBI (Mutual Funds) Regulations, 1996.
A111: " ^ Present GST rate is 18 %.
A112: Percentages mentioned above for TER are annualized
A113: Base TER of direct plan shall have a lower expense ratio excluding distribution expenses, commission, etc., and no commission shall be paid from such plans
A117: With reference to SEBI’s letter no. SEBI/HO/ IMD/ IMD-SEC-3/ P/ OW/ 2023/ 5823/ 1 dated February 24, 2023, and AMFI Circular No. CIR/ ARN-23/ 2022-23 March 07, 2023, the B-30 incentive structure for new inflows has been kept in abeyance with effect from March 01, 2023 till the incentive structure is appropriately re-instated by SEBI with necessary safeguards.

Sheet Debt-Over,Liq,Low Dur,Ultra,MM
A1: =Equity!A1 -> Dashboard as on 31/10/2023
A2: Scheme Name | B2: LIC MF Liquid Fund | H2: LIC MF Low Duration Fund (ERSTWHILE LIC MF Savings Fund) | N2: LIC MF Overnight Fund | T2: LIC MF Ultra Short Duration Fund (ERSTWHILE LIC MF Ultra Short Term Fund) | Z2: LIC MF Money Market Fund
A4: Date of Allotment - Regular | B4: 18.03.2002 | H4: 09.06.2003 | N4: 18.07.2019 | T4: 27.11.2019 | Z4: 01.08.2022
A5: Date of Allotment - Direct | B5: 01.01.2013 | H5: 01.01.2013 | N5: 18.07.2019 | T5: 27.11.2019 | Z5: 01.08.2022
A7: AUM (in Rs. crore) | B7: 8734.134 | H7: 1383.9811 | N7: 318.62291 | T7: 121.36737 | Z7: 30.100958
A9: Investment Objective | B9: An open ended scheme which seeks to generate reasonable returns with low risk and high liquidity through judicious mix of investment in money market instruments and quality debt instruments. However, there is no assurance that the investment objective of the Schemes will be realized. | H9: The investment objective of the Scheme is to generate income by investing in a portfolio of quality short term debt securities. However, there is no assurance that the investment objective of the Schemes will be realized. | N9: The Investment Objective of the Scheme is to provide reasonable returns commensurate with low risk and providing a high level of liquidity, through investments made primarily in overnight securities having maturity/residual maturity of 1 business day. However, there can be no assurance that the investment objective of the scheme will be achieved. The Scheme(s) does not assure or guarantee any returns. | T9: The investment objective of the scheme is to generate returns through investment in Debt & Money Market instruments such that the Macaulay duration of the portfolio is between 3 months - 6 months. However, there is no assurance or guarantee that the investment objective of the Scheme will be achieved. The scheme does not assure or guarantee any returns. | Z9: The investment objective of the Scheme is to generate income through investment in a portfolio comprising of money market instruments. However, there is no assurance that the Investment Objective of the Scheme will be achieved.
A11: Fund Manager | B11: Mr. Rahul Singh (managing since 05/10/2015) | H11: Mr. Rahul Singh (managing since 07/09/15) | N11: Mr. Rahul Singh (managing since 18/07/19) | T11: Mr. Rahul Singh (managing since 27/11/19) | Z11: Mr. Rahul Singh (managing since 01/08/22)
A13: Total Expense Ratio (Weighted Average for the month) Excluding Goods and Service Tax on Management Fees
B14: Regular | E14: Direct | H14: Regular | K14: Direct | N14: Regular | Q14: Direct | T14: Regular | W14: Direct | Z14: Regular | AC14: Direct
A15: Base TER (%)@ | B15: 0.29 | E15: 0.15 | H15: 0.93 | K15: 0.24 | N15: 0.2 | Q15: 0.07 | T15: 1 | W15: 0.29 | Z15: 0.6 | AC15: 0.17
A16: Additional expense as per Regulation 52(6A)(b) (%)# | B16: 0 | E16: 0 | H16: 0 | K16: 0 | N16: 0 | Q16: 0 | T16: 0 | W16: 0 | Z16: 0 | AC16: 0
A17: Additional expense as per Regulation 52(6A)(c) (%)$ | B17: 0 | E17: 0 | H17: 0 | K17: 0 | N17: 0 | Q17: 0 | T17: 0 | W17: 0 | Z17: 0 | AC17: 0
A18: GST (%)^ | B18: 0.01 | E18: 0.01 | H18: 0.03 | K18: 0.03 | N18: 0 | Q18: 0 | T18: 0.03 | W18: 0.03 | Z18: 0.01 | AC18: 0.01
A19: Total TER (%) | B19: =SUM(B15:D18) -> 0.3 | E19: =SUM(E15:G18) -> 0.16 | H19: =SUM(H15:J18) -> 0.96 | K19: =SUM(K15:M18) -> 0.27 | N19: =SUM(N15:P18) -> 0.2 | Q19: =SUM(Q15:S18) -> 0.07 | T19: =SUM(T15:V18) -> 1.03 | W19: =SUM(W15:Y18) -> 0.32 | Z19: =SUM(Z15:AB18) -> 0.61 | AC19: =SUM(AC15:AE18) -> 0.18
A21: Portfolio (Top 10 Holdings) | B21: Name of the issuer | E21: % of Scheme | H21: Name of the issuer | K21: % of Scheme | N21: Name of the issuer | Q21: % of Scheme | T21: Name of the issuer | W21: % of Scheme | Z21: Name of the issuer | AC21: % of Scheme
B22: Government Treasury Bill | E22: 13.0768 | H22: Shriram Finance Ltd. | K22: 7.2935 | N22: Government Treasury Bill | Q22: 4.5386 | T22: Government Treasury Bill | W22: 31.912 | Z22: Government Treasury Bill | AC22: 16.2248
B23: Canara Bank | E23: 9.254 | H23: Small Industries Development Bk of India | K23: 6.9938 | N23: Others | Q23: 0 | T23: Power Finance Corporation Ltd. | W23: 8.641 | Z23: SBI Funds Management Ltd. | AC23: 0.6406
B24: Small Industries Development Bk of India | E24: 8.596 | H24: HDFC Bank Ltd. | K24: 6.897 | N24: Cash & Cash Equivalent: | Q24: 95.4614 | T24: Canara Bank | W24: 8.237 | Z24: Others | AC24: 0
B25: Reliance Retail Ventures Ltd. | E25: 5.5562 | H25: Power Finance Corporation Ltd. | K25: 6.7202 | T25: HDFC Bank Ltd. | W25: 8.1217 | Z25: Cash & Cash Equivalent: | AC25: 83.1346
B26: HDFC Bank Ltd. | E26: 4.6978 | H26: Government Bond | K26: 6.0973 | T26: National Bk for Agriculture & Rural Dev. | W26: 1.7479
B27: Larsen & Toubro Ltd. | E27: 4.448 | H27: State Government Bond | K27: 5.4676 | T27: SBI Funds Management Ltd. | W27: 0.4999
B28: Bank of Baroda | E28: 4.1723 | H28: Kotak Mahindra Bank Ltd. | K28: 5.1601 | T28: Others | W28: 0
B29: Godrej Industries Ltd. | E29: 3.8755 | H29: Tata Capital Housing Finance Ltd. | K29: 4.4493 | T29: Cash & Cash Equivalent: | W29: 40.8405
B30: National Bk for Agriculture & Rural Dev. | E30: 3.3267 | H30: National Bk for Agriculture & Rural Dev. | K30: 4.3507
B31: Ultratech Cement Ltd. | E31: 2.7763 | H31: Canara Bank | K31: 3.9063
B32: Others | E32: 32.5894 | H32: Others | K32: 35.5143
B33: Cash & Cash Equivalent: | E33: 7.631 | H33: Cash & Cash Equivalent: | K33: 7.1499
B34: Total | E34: =SUM(E22:G33) -> 100 | H34: Total | K34: =SUM(K22:M33) -> 100 | N34: Total | Q34: =SUM(Q22:S33) -> 100 | T34: Total | W34: =SUM(W22:Y33) -> 100 | Z34: Total | AC34: =SUM(AC22:AE33) -> 100
A36: Asset Allocation | B36: Asset Allocation | E36: % of Scheme | H36: Asset Allocation | K36: % of Scheme | N36: Asset Allocation | Q36: % of Scheme | T36: Asset Allocation | W36: % of Scheme | Z36: Asset Allocation | AC36: % of Scheme
B37: Money Market Instruments | E37: 75.026641 | H37: Money Market Instruments | K37: 53.86879 | N37: Cash & Other Receivables | Q37: =Q24 -> 95.4614 | T37: Cash & Other Receivables | W37: 40.840219 | Z37: Cash & Other Receivables | AC37: 83.134578
B38: GOVERNMENT BOND AND TREASURY BILL | E38: 17.180218 | H38: CORPORATE DEBT | K38: 24.080343 | N38: GOVERNMENT BOND AND TREASURY BILL | Q38: =Q22 -> 4.5386 | T38: GOVERNMENT BOND AND TREASURY BILL | W38: 31.912038 | Z38: GOVERNMENT BOND AND TREASURY BILL | AC38: 16.224812
B39: Cash & Other Receivables | E39: 7.6277843 | H39: GOVERNMENT BOND AND TREASURY BILL | K39: 14.774327 | T39: Money Market Instruments | W39: 16.358776 | Z39: Mutual Fund Units | AC39: 0.64060977
B40: Mutual Fund Units | E40: 0.16535647 | H40: Cash & Other Receivables | K40: 7.1480223 | T40: CORPORATE DEBT | W40: 10.388979
H41: Mutual Fund Units | K41: 0.12851831 | T41: Mutual Fund Units | W41: 0.4999873
B42: Grand Total | E42: =SUM(E37:G41) -> 100 | H42: Grand Total | K42: =SUM(K37:M41) -> 100 | N42: Grand Total | Q42: =SUM(Q37:S41) -> 100 | T42: Grand Total | W42: =SUM(W37:Y41) -> 100 | Z42: Grand Total | AC42: =SUM(AC37:AE41) -> 100
A44: Scheme Past Performance | B44: Regular (Growth) | E44: Direct (Growth) | H44: Regular (Growth) | K44: Direct (Growth) | N44: Regular (Growth) | Q44: Direct (Growth) | T44: Regular (Growth) | W44: Direct (Growth) | Z44: Regular (Growth) | AC44: Direct (Growth)
B45: Scheme (%) | C45: Scheme Benchmark (%) | D45: Additional Benchmark (%) | E45: Scheme (%) | F45: Scheme Benchmark (%) | G45: Additional Benchmark (%) | H45: Scheme (%) | I45: Scheme Benchmark (%) | J45: Additional Benchmark (%) | K45: Scheme (%) | L45: Scheme Benchmark (%) | M45: Additional Benchmark (%) | N45: Scheme (%) | O45: Scheme Benchmark (%) | P45: Additional Benchmark (%) | Q45: Scheme (%) | R45: Scheme Benchmark (%) | S45: Additional Benchmark (%) | T45: Scheme (%) | U45: Scheme Benchmark (%) | V45: Additional Benchmark (%) | W45: Scheme (%) | X45: Scheme Benchmark (%) | Y45: Additional Benchmark (%) | Z45: Scheme (%) | AA45: Scheme Benchmark (%) | AB45: Additional Benchmark (%) | AC45: Scheme (%) | AD45: Scheme Benchmark (%) | AE45: Additional Benchmark (%)
A46: 7 Days | B46: 6.7677 | C46: 7.0626 | D46: 7.8038 | E46: 6.9077 | F46: 7.0626 | G46: 7.8038 | H46: 5.6618 | I46: 6.3955 | J46: 7.6594 | K46: 6.3498 | L46: 6.3955 | M46: 7.6594 | N46: 6.5402 | O46: 6.7692 | P46: 7.8038 | Q46: 6.6705 | R46: 6.7692 | S46: 7.8038 | T46: 5.4396 | U46: 6.631 | V46: 7.6594 | W46: 6.1527 | X46: 6.631 | Y46: 7.6594 | Z46: 6.0865 | AA46: 6.2897 | AB46: 7.6594 | AC46: 6.5132 | AD46: 6.2897 | AE46: 7.6594
A47: 15 Days | B47: 6.6322 | C47: 6.8817 | D47: 7.965 | E47: 6.7723 | F47: 6.8817 | G47: 7.965 | H47: 5.2963 | I47: 6.4577 | J47: 7.965 | K47: 5.9845 | L47: 6.4577 | M47: 7.965 | N47: 6.5241 | O47: 6.7713 | P47: 7.965 | Q47: 6.6543 | R47: 6.7713 | S47: 7.965 | T47: 5.3339 | U47: 6.851 | V47: 7.965 | W47: 6.0445 | X47: 6.851 | Y47: 7.965 | Z47: 6.1233 | AA47: 6.5902 | AB47: 7.965 | AC47: 6.5521 | AD47: 6.5902 | AE47: 7.965
A48: 1 Month | B48: 6.606 | C48: 6.9352 | D48: 6.9844 | E48: 6.7466 | F48: 6.9352 | G48: 6.9844 | H48: 4.9237 | I48: 6.3871 | J48: 6.9724 | K48: 5.6152 | L48: 6.3871 | M48: 6.9724 | N48: 6.5651 | O48: 6.777 | P48: 6.9844 | Q48: 6.6956 | R48: 6.777 | S48: 6.9844 | T48: 5.3575 | U48: 7.017 | V48: 6.9724 | W48: 6.069 | X48: 7.017 | Y48: 6.9724 | Z48: 6.1555 | AA48: 6.8269 | AB48: 6.9724 | AC48: 6.5867 | AD48: 6.8269 | AE48: 6.9724
A49: 3 Months | B49: 6.6617 | C49: 6.9303 | D49: 6.3941 | E49: 6.8038 | F49: 6.9303 | G49: 6.3941 | H49: 5.4907 | I49: 6.889 | J49: 6.3941 | K49: 6.1887 | L49: 6.889 | M49: 6.3941 | N49: 6.4857 | O49: 6.7138 | P49: 6.3941 | Q49: 6.6175 | R49: 6.7138 | S49: 6.3941 | T49: 5.505 | U49: 7.062 | V49: 6.3941 | W49: 5.9798 | X49: 7.062 | Y49: 6.3941 | Z49: 6.2288 | AA49: 6.8953 | AB49: 6.3941 | AC49: 6.6651 | AD49: 6.8953 | AE49: 6.3941
A50: 6 Months | B50: 6.742 | C50: 7.0268 | D50: 6.6754 | E50: 6.8947 | F50: 7.0268 | G50: 6.6754 | H50: 5.9943 | I50: 7.2426 | J50: 6.676 | K50: 6.6834 | L50: 7.2426 | M50: 6.676 | N50: 6.4685 | O50: 6.675 | P50: 6.6754 | Q50: 6.6024 | R50: 6.675 | S50: 6.6754 | T50: 5.9669 | U50: 7.3548 | V50: 6.676 | W50: 6.3398 | X50: 7.3548 | Y50: 6.676 | Z50: 6.2566 | AA50: 7.2143 | AB50: 6.676 | AC50: 6.7004 | AD50: 7.2143 | AE50: 6.676
A51: 1 year | B51: 6.8475 | C51: 7.0779 | D51: 7.008 | E51: 6.9915 | F51: 7.0779 | G51: 7.008 | H51: 6.4552 | I51: 7.6634 | J51: 7.008 | K51: 7.0937 | L51: 7.6634 | M51: 7.008 | N51: 6.4084 | O51: 6.6182 | P51: 7.008 | Q51: 6.5466 | R51: 6.6182 | S51: 7.008 | T51: 6.3641 | U51: 7.6586 | V51: 7.008 | W51: 6.6138 | X51: 7.6586 | Y51: 7.008 | Z51: 6.235 | AA51: 7.4408 | AB51: 7.008 | AC51: 6.6926 | AD51: 7.4408 | AE51: 7.008
A52: 3 Years | B52: 4.7558 | C52: 5.0624 | D52: 4.6262 | E52: 4.8789 | F52: 5.0624 | G52: 4.6262 | H52: 4.5638 | I52: 5.47 | J52: 4.6239 | K52: 5.1495 | L52: 5.47 | M52: 4.6239 | N52: 4.508 | O52: 4.7047 | P52: 4.6262 | Q52: 4.6439 | R52: 4.7047 | S52: 4.6262 | T52: 4.7637 | U52: 5.5031 | V52: 4.6239 | W52: 4.9957 | X52: 5.5031 | Y52: 4.6239 | Z52: NA | AA52: NA | AB52: NA | AC52: NA | AD52: NA | AE52: NA
A53: 5 years | B53: 5.1849 | C53: 5.422 | D53: 5.6804 | E53: 5.3003 | F53: 5.422 | G53: 5.6804 | H53: 5.0113 | I53: 6.393 | J53: 5.6804 | K53: 5.5834 | L53: 6.393 | M53: 5.6804 | N53: NA | O53: NA | P53: NA | Q53: NA | R53: NA | S53: NA | T53: NA | U53: NA | V53: NA | W53: NA | X53: NA | Y53: NA | Z53: NA | AA53: NA | AB53: NA | AC53: NA | AD53: NA | AE53: NA
A54: Since Inception | B54: 6.8903 | C54: NA | D54: 5.9042 | E54: 6.8036 | F54: 6.7753 | G54: 6.3916 | H54: 6.3573 | I54: 7.042 | J54: 5.8722 | K54: 7.125 | L54: 7.5162 | M54: 6.3916 | N54: 4.3513 | O54: 4.5198 | P54: 5.2023 | Q54: 4.4871 | R54: 4.5198 | S54: 5.2023 | T54: 4.8465 | U54: 5.721 | V54: 4.9769 | W54: 5.06 | X54: 5.721 | Y54: 4.9769 | Z54: 5.7661 | AA54: NA | AB54: 6.3674 | AC54: 6.224 | AD54: 7.0114 | AE54: 6.3674
A56: First Tier Benchmark Index | C56: CRISIL Liquid Fund BI Index | D56: Crisil 1 Year T-Bill Index | F56: CRISIL Liquid Fund BI Index | G56: Crisil 1 Year T-Bill Index | I56: CRISIL Low Duration Fund BI Index | J56: Crisil 1 Year T-Bill Index | L56: CRISIL Low Duration Fund BI Index | M56: Crisil 1 Year T-Bill Index | O56: NIFTY 1D Rate Index | P56: CRISIL 1 Year T-Bill Index | R56: NIFTY 1D Rate Index | S56: CRISIL 1 Year T-Bill Index | U56: CRISIL Ultra Short Duration Fund BI Index | V56: CRISIL 1 Year T-Bill Index | X56: CRISIL Ultra Short Duration Fund BI Index | Y56: CRISIL 1 Year T-Bill Index | AA56: NIFTY Money Market Index B-I | AB56: CRISIL 1 Year T-Bill Index | AD56: NIFTY Money Market Index B-I | AE56: CRISIL 1 Year T-Bill Index
A57: NAV/ Index Value | B57: 4200.0485 | C57: 3882.3091 | D57: 6889.7574 | E57: 4253.9159 | F57: =C57 -> 3882.3091 | G57: =D57 -> 6889.7574 | H57: 35.1779 | I57: 7109.3176 | J57: =+G57 -> 6889.7574 | K57: 37.7033 | L57: =I57 -> 7109.3176 | M57: =J57 -> 6889.7574 | N57: 1200.5054 | O57: 2198.2 | P57: =+D57 -> 6889.7574 | Q57: 1207.223 | R57: =O57 -> 2198.2 | S57: =P57 -> 6889.7574 | T57: 1182.5474 | U57: 7245.4702 | V57: =+S57 -> 6889.7574 | W57: 1194.092 | X57: =U57 -> 7245.4702 | Y57: =V57 -> 6889.7574 | Z57: 1072.5476 | AA57: 4583.51 | AB57: =Y57 -> 6889.7574 | AC57: 1078.352 | AD57: =AA57 -> 4583.51 | AE57: =AB57 -> 6889.7574
A58: Scheme Riskometer | B58: The product is suitable for investors who are seeking*
B59: :) Regular income for short term | H59: :) Regular Income for short term | N59: :) Regular income with high levels of safety and liquidity over short term. | T59: :) Regular income over short term. | Z59: :) Regular income over short term.
B60: :) Investment in Debt/Money Market Instruments with maturity of upto 91 days. | H60: :) A fund that focuses on low duration securities. | N60: :) Investment in debt and money market instruments with overnight maturity. | T60: :) Investment in Debt & Money Market Instruments such that the Macaulay Duration of the portfolio is between 3 months- 6 months. | Z60: :) Investment in money market instruments with maturity upto one year.
B61: :) Risk - Low to Moderate | H61: :) Risk - Low to Moderate | N61: :) Risk - Low | T61: :) Risk - Low to Moderate | Z61: :) Risk - Low
A77: Benchmark Riskometer | B77: First Tier Benchmark - CRISIL Liquid Fund BI Index | H77: First Tier Benchmark - CRISIL Low Duration Fund BI Index | N77: First Tier Benchmark - NIFTY 1D Rate Index | T77: First Tier Benchmark - CRISIL Ultra Short Duration Fund BI Index | Z77: First Tier Benchmark - NIFTY Money Market Index B-I
B78: :) Risk - Low to Moderate | H78: :) Risk - Moderate | N78: :) Risk - Low | T78: :) Risk - Moderate | Z78: :) Risk - Moderate
A94: Potential Risk Class (PRC) Matrix | B94: Potential Risk Class | H94: Potential Risk Class | N94: Potential Risk Class | T94: Potential Risk Class | Z94: Potential Risk Class
B95: Credit Risk | D95: Relatively Low (Class A) | E95: Moderate (Class B) | F95: Relatively High (Class C) | H95: Credit Risk | J95: Relatively Low (Class A) | K95: Moderate (Class B) | L95: Relatively High (Class C) | N95: Credit Risk | P95: Relatively Low (Class A) | Q95: Moderate (Class B) | R95: Relatively High (Class C) | T95: Credit Risk | V95: Relatively Low (Class A) | W95: Moderate (Class B) | X95: Relatively High (Class C) | Z95: Credit Risk | AB95: Relatively Low (Class A) | AC95: Moderate (Class B) | AD95: Relatively High (Class C)
B96: Interest Rate Risk | H96: Interest Rate Risk | N96: Interest Rate Risk | T96: Interest Rate Risk | Z96: Interest Rate Risk
B97: Relatively Low (Class I) | E97: B-I | H97: Relatively Low (Class I) | K97: B-I | N97: Relatively Low (Class I) | P97: A-I | T97: Relatively Low (Class I) | W97: B-I | Z97: Relatively Low (Class I) | AC97: B-I
B98: Moderate (Class II) | H98: Moderate (Class II) | N98: Moderate (Class II) | T98: Moderate (Class II) | Z98: Moderate (Class II)
B99: Relatively High (Class III) | H99: Relatively High (Class III) | N99: Relatively High (Class III) | T99: Relatively High (Class III) | Z99: Relatively High (Class III)
A102: Disclaimer :
A103: Mutual Fund Investments are subject to market risks, read all scheme related documents carefully.
A104: *Investors should consult their financial advisers if in doubt about whether the product is suitable for them.
A106: Notes:
A107: 1) All scheme returns are for growth option
A108: ='Debt-Excl.Over,Liq,LowDur,Ult,M'!A104 -> 2) All above data is as on 31/10/2023.
A109: 3)The performance of the scheme is benchmarked to the Total Return variant of the Index
A110: 4) Pursuant to paragraph 17.5 of SEBI Master Circular for Mutual Funds dated May 19, 2023, pertaining to Potential Risk Class (PRC) Matrix, the PRC Matrix for debt schemes of LIC Mutual Fund has been given above.
A111: 5)The scheme performance IDBI MF schemes merged with LIC MF schemes herewith is a blended performance on weighted average, as per applicable guidelines of SEBI.
A112: "@ Base TER excludes additional expenses provided in Regulation 52(6A)(b) and 52(6A)(c) of SEBI (Mutual Funds) Regulations, 1996 and Goods and Services Tax (GST) on investment and advisory fees as per applicable RATE.
A113: "# Additional Expenses not exceeding 0.30% in terms of Regulation 52(6A)(b) of SEBI (Mutual Funds) Regulations, 1996
A114: "$ Additional Expenses not exceeding 0.05% in terms of Regulation 52(6A)(c) of SEBI (Mutual Funds) Regulations, 1996.
A115: " ^ Present GST rate is 18 %.
A116: Percentages mentioned above for TER are annualized
A117: Base TER of direct plan shall have a lower expense ratio excluding distribution expenses, commission, etc., and no commission shall be paid from such plans
A119: With reference to SEBI’s letter no. SEBI/HO/ IMD/ IMD-SEC-3/ P/ OW/ 2023/ 5823/ 1 dated February 24, 2023, and AMFI Circular No. CIR/ ARN-23/ 2022-23 March 07, 2023, the B-30 incentive structure for new inflows has been kept in abeyance with effect from March 01, 2023 till the incentive structure is appropriately re-instated by SEBI with necessary safeguards.

Sheet Hybrid
A1: Dashboard as on 31/10/2023
A2: Scheme Name | B2: LIC MF Aggressive Hybrid Fund (ERSTWHILE LIC MF Equity Hybrid Fund) | H2: LIC MF Arbitrage Fund | N2: LIC MF Balanced Advantage Fund | T2: LIC MF Conservative Hybrid Fund (ERSTWHILE LIC MF Debt Hybrid Fund) | Z2: LIC MF Equity Savings Fund (ERSTWHILE IDBI EQUITY SAVINGS FUND) | AF2: LIC MF Unit Linked Insurance Scheme
A4: Date of Allotment - Regular | B4: 01.01.1991 | H4: 25.01.2019 | N4: 12.11.2021 | T4: 01.06.1998 | Z4: 07.03.2011 | AF4: 19.06.1989
A5: Date of Allotment - Direct | B5: 01.01.2013 | H5: 25.01.2019 | N5: 12.11.2021 | T5: 01.01.2013 | Z5: 01.01.2013 | AF5: 01.01.2013
A7: AUM (in Rs. crore) | B7: 551.77972 | H7: 22.371742 | N7: 963.57752 | T7: 52.368823 | Z7: 8.1935052 | AF7: 447.8728
A10: Investment Objective | B10: An open ended balanced scheme which seeks to provide regular returns and capital appreciation according to the selection of plan by investing in equities and debt. However, there is no assurance that the investment objective of the Schemes will be realized. | H10: The investment objective of the scheme is to generate income by taking advantage of arbitrage opportunities that potentially exists between cash and derivative market and within the derivative segment of the equity market along with investments in debt securities & money market instruments. However, there can be no assurance that the investment objective of the scheme will be realized. | N10: The investment objective of the scheme is to provide capital appreciation/ income to the investors from a dynamic mix of equity, debt and money market instruments. The Scheme seeks to reduce the volatility by diversifying the assets across equity, debt and money market instruments. However, there is no assurance or guarantee that the investment objective of the Scheme will be realized. | T10: The investment objective of the Scheme is to generate regular income by investing mainly in a portfolio of quality debt securities and money market instruments. It also seeks to generate capital appreciation by investing some percentage in a mix of equity instruments. However, there is no assurance that the investment objective of the Schemes will be realized. | Z10: The investment objective of the Scheme is to generate regular income by investing in Debt and money market instruments and using arbitrage and other derivative strategies. The Scheme also intends to generate long capital appreciation through un hedged exposure to equity and equity related instruments. However, there can be no assurance or guarantee that the investment objective of the scheme will be achieved. | AF10: An open ended scheme which seeks to generate long term capital appreciation and offer Tax benefits u/s 80C of the Income Tax Act as well as additional benefits of a life cover.
A12: Fund Manager | B12: Mr. Karan Doshi (Equity Portfolio- managing since 06/09/21) / Mr. Pratik Harish Shroff (Debt Portfolio- managing since 26/09/23) | H12: Mr. Sumit Bhatnagar (Equity Portfolio, managing since 03/10/2023) / Mr. Jaiprakash Toshniwal (Equity Portfolio, till 02/10/23) / Mr. Pratik Harish Shroff (Debt Portfolio- managing since 26/09/23) | N12: Mr. Yogesh Patil (Equity Portfolio, managing since 12/11/21), Mr. Jaiprakash Toshniwal (Equity Portfolio Co Fund Manager, managing since 06/06/22) / Mr. Rahul Singh (Debt Portfolio, managing since 12/11/21) | T12: Mr. Pratik Harish Shroff (Debt Portfolio, managing since 26/09/23) / Mr. Karan Doshi (Equity Portfolio, managing since 07/01/21) | Z12: Mr. Sumit Bhatnagar (Equity Portfolio, managing since 3/10/23) / Mr. Jaiprakash Toshniwal (Equity Portfolio, managing till 02/10/23) / Mr. Pratik Harish Shroff (Debt Portfolio- managing since 26/09/23) | AF12: Mr. Dikshit Mittal (Equity Portfolio, managing since 06/09/21) /Mr. Pratik Harish Shroff (Debt Portfolio, managing since 26/09/23)
A14: Annual Portfolio Turnover Ratio (in times) | B14: 0.68893618 | H14: 8.6575341 | N14: 0.45301688 | Z14: 0.32626636 | AF14: 0.13604576
A16: Total Expense Ratio (Weighted Average for the month) Excluding Goods and Service Tax on Management Fees
B17: Regular | E17: Direct | H17: Regular | K17: Direct | N17: Regular | Q17: Direct | T17: Regular | W17: Direct | Z17: Regular | AC17: Direct | AF17: Regular | AI17: Direct
A18: Base TER (%)@ | B18: 2.22 | E18: 1.16 | H18: 0.97 | K18: 0.31 | N18: 2.05 | Q18: 0.4 | T18: 2 | W18: 1.06 | Z18: 1.81 | AC18: 0.81 | AF18: 2.25 | AI18: 1.4
A19: Additional expense as per Regulation 52(6A)(b) (%)# | B19: 0 | E19: 0 | H19: 0 | K19: 0 | N19: 0 | Q19: 0 | T19: 0 | W19: 0 | Z19: 0 | AC19: 0 | AF19: 0 | AI19: 0
A20: Additional expense as per Regulation 52(6A)(c) (%)$ | B20: 0.05 | E20: 0.05 | H20: 0 | K20: 0 | N20: 0.05 | Q20: 0.05 | T20: 0.05 | W20: 0.05 | Z20: 0.05 | AC20: 0.05 | AF20: 0 | AI20: 0
A21: GST (%)^ | B21: 0.19 | E21: 0.19 | H21: 0 | K21: 0 | N21: 0.05 | Q21: 0.05 | T21: 0.2 | W21: 0.16 | Z21: 0.13 | AC21: 0.13 | AF21: 0.24 | AI21: 0.23
A22: Total TER (%) | B22: =SUM(B18:D21) -> 2.46 | E22: =SUM(E18:G21) -> 1.4 | H22: =SUM(H18:J21) -> 0.97 | K22: =SUM(K18:M21) -> 0.31 | N22: =SUM(N18:P21) -> 2.15 | Q22: =SUM(Q18:S21) -> 0.5 | T22: =SUM(T18:V21) -> 2.25 | W22: =SUM(W18:Y21) -> 1.27 | Z22: =SUM(Z18:AB21) -> 1.99 | AC22: =SUM(AC18:AE21) -> 0.99 | AF22: =SUM(AF18:AH21) -> 2.49 | AI22: =SUM(AI18:AK21) -> 1.63
A24: Portfolio (Top 10 Holdings) | B24: Name of the issuer | E24: % of Scheme | H24: Name of the issuer | K24: % of Scheme | N24: Name of the issuer | Q24: % of Scheme | T24: Name of the issuer | W24: % of Scheme | Z24: Name of the issuer | AC24: % of Scheme | AF24: Name of the issuer | AI24: % of Scheme
B25: Government Bond | E25: 14.9891 | H25: LIC Mutual Fund | K25: 20.5398 | N25: Government Bond | Q25: 11.9534 | T25: Government Bond | W25: 67.7476 | Z25: LIC Mutual Fund | AC25: 12.9219 | AF25: Government Bond | AI25: 20.6476
B26: HDFC Bank Ltd. | E26: 7.1868 | H26: Ultratech Cement Ltd. | K26: 3.9119 | N26: HDFC Bank Ltd. | Q26: 11.2734 | T26: Tata Capital Financial Services Ltd. | W26: 10.0761 | Z26: Tata Steel Ltd. | AC26: 6.9412 | AF26: ICICI Bank Ltd. | AI26: 7.3954
B27: ICICI Bank Ltd. | E27: 5.6843 | H27: Hindalco Industries Ltd. | K27: 3.9073 | N27: ICICI Bank Ltd. | Q27: 7.8769 | T27: ICICI Bank Ltd. | W27: 5.8414 | Z27: ICICI Bank Ltd. | AC27: 5.688 | AF27: HDFC Bank Ltd. | AI27: 5.3601
B28: Infosys Ltd. | E28: 3.7206 | H28: Pidilite Industries Ltd. | K28: 3.7324 | N28: Reliance Industries Ltd. | Q28: 5.1741 | T28: Infosys Ltd. | W28: 3.5378 | Z28: Tata Consultancy Services Ltd. | AC28: 5.0123 | AF28: Infosys Ltd. | AI28: 5.1289
B29: Reliance Industries Ltd. | E29: 3.0936 | H29: Bajaj Finance Ltd. | K29: 3.6809 | N29: State Bank of India | Q29: 4.9707 | T29: HDFC Bank Ltd. | W29: 2.342 | Z29: HDFC Bank Ltd. | AC29: 4.4627 | AF29: Tata Consultancy Services Ltd. | AI29: 3.2844
B30: State Bank of India | E30: 2.8425 | H30: DLF Ltd. | K30: 3.6542 | N30: Infosys Ltd. | Q30: 3.7944 | T30: Hindustan Unilever Ltd. | W30: 2.0272 | Z30: Siemens Ltd. | AC30: 3.894 | AF30: Bajaj Finance Ltd. | AI30: 2.8128
B31: ITC Ltd. | E31: 2.6283 | H31: LTIMindtree Ltd. | K31: 3.2544 | N31: ITC Ltd. | Q31: 3.4763 | T31: Nestle India Ltd. | W31: 1.7723 | Z31: State Bank of India | AC31: 3.6111 | AF31: Titan Company Ltd. | AI31: 2.7626
B32: Tata Capital Financial Services Ltd. | E32: 2.4858 | H32: Larsen & Toubro Ltd. | K32: 3.1395 | N32: Tata Capital Housing Finance Ltd. | Q32: 3.4417 | T32: Reliance Industries Ltd. | W32: 1.7339 | Z32: Kotak Mahindra Bank Ltd. | AC32: 2.9577 | AF32: Pitti Engineering Ltd. | AI32: 2.5856
B33: Larsen & Toubro Ltd. | E33: 2.349 | H33: Aditya Birla Capital Ltd. | K33: 2.9944 | N33: Tata Consultancy Services Ltd. | Q33: 2.8609 | T33: Mahindra & Mahindra Ltd. | W33: 1.4438 | Z33: HCL Technologies Ltd. | AC33: 2.8952 | AF33: KSB Ltd. | AI33: 2.5371
B34: Axis Bank Ltd. | E34: 2.0219 | H34: HDFC Bank Ltd. | K34: 2.6113 | N34: Mahindra & Mahindra Ltd. | Q34: 2.8467 | T34: LTIMindtree Ltd. | W34: 1.2957 | Z34: Axis Bank Ltd. | AC34: 2.6087 | AF34: Axis Bank Ltd. | AI34: 2.4853
B35: Others | E35: 48.6097 | H35: Others | K35: 35.4135 | N35: Others | Q35: 33.1827 | T35: Others | W35: 0.397 | Z35: Others | AC35: 29.7146 | AF35: Others | AI35: 43.6321
B36: Cash & Cash Equivalent: | E36: 4.3884 | H36: Cash & Cash Equivalent: | K36: 13.1604 | N36: Cash & Cash Equivalent: | Q36: 9.1488 | T36: Cash & Cash Equivalent: | W36: 1.7852 | Z36: Cash & Cash Equivalent: | AC36: 19.2926 | AF36: Cash & Cash Equivalent: | AI36: 1.3681
B37: Grand Total | E37: =SUM(E25:G36) -> 100 | H37: Grand Total | K37: =SUM(K25:M36) -> 100 | N37: Grand Total | Q37: =SUM(Q25:S36) -> 100 | T37: Grand Total | W37: =SUM(W25:Y36) -> 100 | Z37: Grand Total | AC37: =SUM(AC25:AE36) -> 100 | AF37: Grand Total | AI37: =SUM(AI25:AK36) -> 100
A39: Asset Allocation | B39: Asset Allocation | E39: % of Scheme | H39: Asset Allocation | K39: % of Scheme | N39: Asset Allocation | Q39: % of Scheme | T39: Asset Allocation | W39: % of Scheme | Z39: Asset Allocation | AC39: % of Scheme | AF39: Asset Allocation | AI39: % of Scheme
B40: Equity Holdings | E40: 0.75284588 | H40: Cash & Other Receivables | I40: 0.73662666 | J40: Cash & Other Receivables | K40: 79.799994 | N40: Equity Holdings | Q40: 65.898069 | T40: GOVERNMENT BOND AND TREASURY BILL | W40: 67.747827 | Z40: Equity Holdings | AC40: 67.029585 | AF40: Equity Holdings | AG40: 0.78733932 | AH40: Equity Holdings | AI40: 77.986724
B41: GOVERNMENT BOND AND TREASURY BILL | E41: 0.14989324 | H41: Equity Holdings | I41: 0.67773942 | J41: Equity Holdings | K41: 66.302121 | N41: Cash & Other Receivables | Q41: 19.00409 | T41: Equity Holdings | W41: 19.994405 | Z41: Cash & Other Receivables | AC41: 48.358686 | AF41: GOVERNMENT BOND AND TREASURY BILL | AG41: 0.11435791 | AH41: GOVERNMENT BOND AND TREASURY BILL | AI41: 20.647909
B42: CORPORATE DEBT | E42: 0.053409403 | H42: Mutual Fund Units | I42: 0.26648179 | J42: Mutual Fund Units | K42: 20.53985 | N42: GOVERNMENT BOND AND TREASURY BILL | Q42: 14.619023 | T42: CORPORATE DEBT | W42: 10.172923 | Z42: Mutual Fund Units | AC42: 12.921996 | AF42: Cash & Other Receivables | AG42: 0.010469666 | AH42: Cash & Other Receivables | AI42: 1.3653666
B43: Cash & Other Receivables | E43: 0.043851472 | H43: FUTURES AND OPTIONS | I43: -0.68084787 | J43: FUTURES AND OPTIONS | K43: -66.641965 | N43: CORPORATE DEBT | Q43: 6.8949183 | T43: Cash & Other Receivables | W43: 1.7845377 | Z43: CORPORATE DEBT | AC43: 0.75786813
N44: Money Market Instruments | Q44: 3.4417498 | T44: Mutual Fund Units | W44: 0.30030822 | Z44: FUTURES AND OPTIONS | AC44: -29.068136
N45: FUTURES AND OPTIONS | Q45: -9.8578504 | T45: Grand Total | W45: =SUM(W40:Y44) -> 100
B46: Grand Total | E46: =SUM(E40:G44) -> 1 | H46: Grand Total | K46: =SUM(K40:M44) -> 100 | N46: Grand Total | Q46: =SUM(Q40:S45) -> 100 | Z46: Grand Total | AC46: =SUM(AC40:AE44) -> 100 | AF46: Grand Total | AI46: =SUM(AI40:AK44) -> 100
A48: Sectoral Allocation | B48: Sector/Industry | E48: % of Scheme | H48: Sector/Industry | K48: % of Scheme | N48: Sector/Industry | Q48: % of Scheme | Z48: Sector/Industry | AC48: % of Scheme | AF48: Sector/Industry | AI48: % of Scheme
B49: Banks | E49: 21.6857 | H49: Mutual Fund Units | K49: 20.5398 | N49: Banks | Q49: 29.1952 | Z49: Banks | AC49: 26.8735 | AF49: Government of India | AI49: 20.6476
B50: Government of India | E50: 14.9891 | H50: Cash & Cash Equivalent: | K50: 13.1604 | N50: Government of India | Q50: 14.6188 | Z50: Cash & Cash Equivalent: | AC50: 19.2926 | AF50: Banks | AI50: 17.9364
B51: Finance | E51: 9.2361 | H51: Finance | K51: 7.4593 | N51: Finance | Q51: 11.3438 | Z51: Mutual Fund Units | AC51: 12.9219 | AF51: IT - Software | AI51: 9.2636
B52: IT - Software | E52: 7.4171 | H52: Cement & Cement Products | K52: 5.5128 | N52: Cash & Cash Equivalent: | Q52: 9.1488 | Z52: IT - Software | AC52: 8.412 | AF52: Finance | AI52: 8.1506
B53: Cash & Cash Equivalent: | E53: 4.3884 | H53: Pharmaceuticals & Biotechnology | K53: 5.3579 | N53: IT - Software | Q53: 8.6389 | Z53: Ferrous Metals | AC53: 6.9412 | AF53: Industrial Products | AI53: 6.6909
B54: Retailing | E54: 4.1272 | H54: IT - Software | K54: 4.8105 | N54: Automobiles | Q54: 7.0328 | Z54: Cement & Cement Products | AC54: 5.1624 | AF54: Retailing | AI54: 5.9318
B55: Diversified FMCG | E55: 4.0051 | H55: Banks | K55: 4.7841 | N55: Diversified FMCG | Q55: 5.7448 | Z55: Electrical Equipment | AC55: 3.894 | AF55: Consumer Durables | AI55: 5.8917
B56: Automobiles | E56: 3.3685 | H56: Realty | K56: 4.7808 | N56: Petroleum Products | Q56: 5.1741 | Z56: Pharmaceuticals & Biotechnology | AC56: 2.4295 | AF56: Chemicals & Petrochemicals | AI56: 5.7375
B57: Petroleum Products | E57: 3.0936 | H57: Chemicals & Petrochemicals | K57: 4.3747 | N57: Pharmaceuticals & Biotechnology | Q57: 2.6297 | Z57: Diversified FMCG | AC57: 2.1394 | AF57: Pharmaceuticals & Biotechnology | AI57: 2.9626
B58: Pharmaceuticals & Biotechnology | E58: 2.7748 | H58: Consumer Durables | K58: 4.1403 | N58: Chemicals & Petrochemicals | Q58: 1.2888 | Z58: Petroleum Products | AC58: 2.0935 | AF58: Industrial Manufacturing | AI58: 2.5856
B59: Auto Components | E59: 2.7091 | H59: Non - Ferrous Metals | K59: 3.9073 | N59: Gas | Q59: 1.0375 | Z59: Healthcare Services | AC59: 1.5003 | AF59: Textiles & Apparels | AI59: 2.3704
B60: Construction | E60: 2.349 | H60: Construction | K60: 3.1395 | N60: Consumer Durables | Q60: 0.9842 | Z60: Consumer Durables | AC60: 1.3265 | AF60: Petroleum Products | AI60: 1.636
... B67: Telecom - Services | E67: 1.4911 | H67: Auto Components | K67: 1.1662 | N67: Construction | Q67: 0.2521 | Z67: Power | AC67: 0.7578 | AF67: Insurance | AI67: 0.9274
B68: Food Products | E68: 1.1658 | H68: Capital Markets | K68: 1.0117 | Z68: Aerospace & Defense | AC68: 0.2499 | AF68: Transport Services | AI68: 0.6223
B69: Industrial Manufacturing | E69: 1.1307 | H69: Retailing | K69: 0.6158 | AF69: Power | AI69: 0.1646
B70: Chemicals & Petrochemicals | E70: 1.0618 | H70: Gas | K70: 0.6045
B71: Transport Services | E71: 1.0602 | H71: Ferrous Metals | K71: 0.5661
B72: Power | E72: 0.9459 | H72: Insurance | K72: 0.563
B73: Gas | E73: 0.8317 | H73: Leisure Services | K73: 0.5479
B74: Capital Markets | E74: 0.4341 | H74: Telecom - Services | K74: 0.4188
H75: Entertainment | K75: 0.2324
H76: Automobiles | K76: 0.206
B90: Grand Total | E90: =SUM(E49:G89) -> 100 | H90: Grand Total | K90: =SUM(K49:M89) -> 100 | N90: Grand Total | Q90: =SUM(Q49:S89) -> 100 | Z90: Grand Total | AC90: =SUM(AC49:AE89) -> 100 | AF90: Grand Total | AI90: =SUM(AI49:AK89) -> 100
A92: Scheme Past Performance | B92: Regular (Growth) | E92: Direct (Growth) | H92: Regular (Growth) | K92: Direct (Growth) | N92: Regular (Growth) | Q92: Direct (Growth) | T92: Regular (Growth) | W92: Direct (Growth) | Z92: Regular (Growth) | AC92: Direct (Growth) | AF92: Regular (IDCW Option) | AI92: Direct (IDCW Option)
B93: Scheme (%) | C93: Scheme Benchmark (%) | D93: Additional Benchmark (%) | E93: Scheme (%) | F93: Scheme Benchmark (%) | G93: Additional Benchmark (%) | H93: Scheme | I93: Scheme Benchmark | J93: Additional Benchmark | K93: Scheme | L93: Scheme Benchmark | M93: Additional Benchmark | N93: Scheme | O93: Scheme Benchmark | P93: Additional Benchmark | Q93: Scheme | R93: Scheme Benchmark | S93: Additional Benchmark | T93: Scheme (%) | U93: Scheme Benchmark (%) | V93: Additional Benchmark (%) | W93: Scheme (%) | X93: Scheme Benchmark (%) | Y93: Additional Benchmark (%) | Z93: Scheme (%) | AA93: Scheme Benchmark (%) | AB93: Additional Benchmark (%) | AC93: Scheme (%) | AD93: Scheme Benchmark (%) | AE93: Additional Benchmark (%) | AF93: Scheme (%) | AG93: Scheme Benchmark (%) | AH93: Additional Benchmark (%) | AI93: Scheme (%) | AJ93: Scheme Benchmark (%) | AK93: Additional Benchmark (%)
A94: 1 year | B94: 7.0148 | C94: 7.8173 | D94: 7.0085 | E94: 8.0217 | F94: 7.8173 | G94: 7.0085 | H94: 6.7313 | I94: 7.796 | J94: 7.008 | K94: 7.4754 | L94: 7.796 | M94: 7.008 | N94: 6.3131 | O94: 7.2543 | P94: 7.0085 | Q94: 8.1737 | R94: 7.2543 | S94: 7.0085 | T94: 3.9292 | U94: 7.5015 | V94: 7.4391 | W94: 4.8525 | X94: 7.5015 | Y94: 7.4391 | Z94: 5.73 | AA94: 7.3778 | AB94: 7.4391 | AC94: 6.7611 | AD94: 7.3778 | AE94: 7.4391 | AF94: 6.2651 | AG94: 7.8173 | AH94: 7.0085 | AI94: 7.2205 | AJ94: 7.8173 | AK94: 7.0085
A95: 3 Years | B95: 12.1347 | C95: 15.062 | D95: 19.2728 | E95: 13.077 | F95: 15.062 | G95: 19.2728 | H95: 4.4343 | I95: 5.1541 | J95: 4.625 | K95: 5.2107 | L95: 5.1541 | M95: 4.625 | N95: NA | O95: NA | P95: NA | Q95: NA | R95: NA | S95: NA | T95: 5.255 | U95: 6.6756 | V95: 2.6457 | W95: 6.1732 | X95: 6.6756 | Y95: 2.6457 | Z95: 9.3282 | AA95: 10.1413 | AB95: 2.6482 | AC95: 10.3826 | AD95: 10.1413 | AE95: 2.6482 | AF95: 16.369 | AG95: 15.062 | AH95: 19.2728 | AI95: 17.3933 | AJ95: 15.062 | AK95: 19.2728
A96: 5 years | B96: 9.1758 | C96: 12.8574 | D96: 14.2662 | E96: 10.7667 | F96: 12.8574 | G96: 14.2662 | H96: NA | I96: NA | J96: NA | K96: NA | L96: NA | M96: NA | N96: NA | O96: NA | P96: NA | Q96: NA | R96: NA | S96: NA | T96: 6.4172 | U96: 8.9139 | V96: 6.2002 | W96: 7.3496 | X96: 8.9139 | Y96: 6.2002 | Z96: 7.5925 | AA96: 9.3207 | AB96: 6.2002 | AC96: 8.7456 | AD96: 9.3207 | AE96: 6.2002 | AF96: 11.1986 | AG96: 12.8574 | AH96: 14.2662 | AI96: 12.1825 | AJ96: 12.8574 | AK96: 14.2662
A97: Since Inception | B97: 8.5824 | C97: NA | D97: 14.2612 | E97: 10.0559 | F97: 11.7878 | G97: 12.631 | H97: 4.5724 | I97: 4.9454 | J97: 5.4743 | K97: 5.3074 | L97: 4.9454 | M97: 5.4743 | N97: 5.1762 | O97: 4.3663 | P97: 3.9369 | Q97: 7.0583 | R97: 4.3663 | S97: 3.9369 | T97: 8.0068 | U97: NA | V97: NA | W97: 7.4921 | X97: 8.7537 | Y97: 6.0981 | Z97: 6.701 | AA97: 8.9924 | AB97: 6.1988 | AC97: 7.4534 | AD97: 9.172 | AE97: 6.1645 | AF97: 9.6425 | AG97: NA | AH97: NA | AI97: 11.5031 | AJ97: 12.3636 | AK97: 13.3437
A99: First Tier Benchmark Index | C99: CRISIL Hybrid 35+65 - Aggressive Index | D99: Nifty 50 TRI | F99: CRISIL Hybrid 35+65 - Aggressive Index | G99: Nifty 50 TRI | I99: Nifty 50 Arbitrage Index | J99: CRISIL 1 Year T-Bill Index | L99: Nifty 50 Arbitrage Index | M99: CRISIL 1 Year T-Bill Index | O99: NIFTY 50 Hybrid Composite Debt 50:50 Index | P99: Nifty 50 TRI | R99: NIFTY 50 Hybrid Composite Debt 50:50 Index | S99: Nifty 50 TRI | U99: Crisil Hybrid 85+15 - Conservative Index | V99: Crisil 10 Year Gilt Index | X99: Crisil Hybrid 85+15 - Conservative Index | Y99: Crisil 10 Year Gilt Index | AA99: NIFTY Equity Savings Index TRI | AB99: CRISIL 10 Year Gilt Index | AD99: NIFTY Equity Savings Index TRI | AE99: CRISIL 10 Year Gilt Index | AG99: CRISIL Hybrid 35+65 - Aggressive Index | AH99: Nifty 50 TRI | AJ99: CRISIL Hybrid 35+65 - Aggressive Index | AK99: Nifty 50 TRI
A100: NAV/ Index Value | B100: 147.6186 | C100: 15843.684 | D100: =Equity!D100 -> 28017.36 | E100: 164.5175 | F100: =C100 -> 15843.684 | G100: =D100 -> 28017.36 | H100: 12.3755 | I100: 2229.2 | J100: =+'Debt-Over,Liq,Low Dur,Ultra,MM'!D57 -> 6889.7574 | K100: 12.7957 | L100: =I100 -> 2229.2 | M100: =J100 -> 6889.7574 | N100: 11.0437 | O100: 12982 | P100: =Equity!D100 -> 28017.36 | Q100: 11.4358 | R100: =O100 -> 12982 | S100: =P100 -> 28017.36 | T100: 77.3021 | U100: 6046.8393 | V100: ='Debt-Excl.Over,Liq,LowDur,Ult,M'!D52 -> 4337.8231 | W100: 70.9186 | X100: =U100 -> 6046.8393 | Y100: =V100 -> 4337.8231 | Z100: 22.7312 | AA100: 5185.78 | AB100: ='Debt-Excl.Over,Liq,LowDur,Ult,M'!D52 -> 4337.8231 | AC100: 25.208 | AD100: =AA100 -> 5185.78 | AE100: =AB100 -> 4337.8231 | AF100: 29.2908 | AG100: =F100 -> 15843.684 | AH100: =G100 -> 28017.36 | AI100: 31.9901 | AJ100: =AG100 -> 15843.684 | AK100: =AH100 -> 28017.36
A101: Scheme Riskometer
B102: :) Long term capital appreciation with current income | H102: :) Income over a short term investment horizon | N102: :) Capital appreciation over a long period of time. | T102: :) Medium term capital appreciation with current income | Z102: :) Regular Income & Capital appreciation over Medium to Long term. | AF102: :) Long term capital appreciation and current income
B103: :) A fund that invests both in stocks and fixed income instruments. | H103: :) Income through arbitrage opportunities between cash and derivative market and arbitrage opportunities within the derivative segment of the equity market. | N103: :) Investments in a dynamically managed portfolio of equity and equity related instruments, debt and money market instruments | T103: :) A fund that invests predominantly in debt instruments with marginal equity exposure. | Z103: :) Investment in equity and equity related instruments including equity derivatives, arbitrage and debt and money market instruments. | AF103: :) Investment in Equity and equity related securities, fixed income securities (debt and money market securities).
B104: :) Risk - Very High | H104: :) Risk - Low | N104: :) Risk - Very High | T104: :) Risk - Moderate | Z104: :) Risk - Moderately High | AF104: :) Risk - Very High
A120: Benchmark Riskometer | B120: First Tier Benchmark - CRISIL Hybrid 35+65 - Aggressive Index | H120: First Tier Benchmark - Nifty 50 Arbitrage Index | N120: First Tier Benchmark - NIFTY 50 Hybrid Composite Debt 50:50 Index | T120: First Tier Benchmark - Crisil Hybrid 85+15 - Conservative Index | Z120: First Tier Benchmark - Nifty Equity Savings Index | AF120: First Tier Benchmark - CRISIL Hybrid 35+65 - Aggressive Index
B121: :) Risk - Very High | H121: :) Risk - Low | N121: :) Risk - High | T121: :) Risk - Moderately High | Z121: :) Risk - Moderate | AF121: :) Risk - Very High
A137: Disclaimer :
A138: Mutual Fund Investments are subject to market risks, read all scheme related documents carefully.
A139: *Investors should consult their financial advisers if in doubt about whether the product is suitable for them.
A141: Notes:
A142: 1) All scheme returns are for growth option except for LIC MF ULIS where the scheme has only Reinvestment of Income Distribution cum capital withdrawal
A143: 2) All above data is as on 31/10/2023.
A144: 3)The performance of the scheme is benchmarked to the Total Return variant of the Index
A145: 4)As TRI data is not available since Inception of LIC MF Aggressive Hybrid Fund, benchmark performance is calculated using composite CAGR of Nifty 50 PRI values from date 01-Jan-1991 to date 30-Jun-1999 and TRI values since date 30-Jun-1999
A146: 5) The scheme performance IDBI MF schemes merged with LIC MF schemes herewith is a blended performance on weighted average, as per applicable guidelines of SEBI.
A147: "@ Base TER excludes additional expenses provided in Regulation 52(6A)(b) and 52(6A)(c) of SEBI (Mutual Funds) Regulations, 1996 and Goods and Services Tax (GST) on investment and advisory fees as per applicable RATE.
A148: "# Additional Expenses not exceeding 0.30% in terms of Regulation 52(6A)(b) of SEBI (Mutual Funds) Regulations, 1996
A149: "$ Additional Expenses not exceeding 0.05% in terms of Regulation 52(6A)(c) of SEBI (Mutual Funds) Regulations, 1996.
... A154: With reference to SEBI’s letter no. SEBI/HO/ IMD/ IMD-SEC-3/ P/ OW/ 2023/ 5823/ 1 dated February 24, 2023, and AMFI Circular No. CIR/ ARN-23/ 2022-23 March 07, 2023, the B-30 incentive structure for new inflows has been kept in abeyance with effect from March 01, 2023 till the incentive structure is appropriately re-instated by SEBI with necessary safeguards.

Sheet Solution Oriented
A1: Dashboard as on 31/10/2023
A2: Scheme Name | B2: LIC MF Children’s Gift Fund
A4: Date of Allotment - Regular | B4: 12.11.2001
A5: Date of Allotment - Direct | B5: 01.01.2013
A7: AUM (in Rs. crore) | B7: 13.854457
A10: Investment Objective | B10: The primary investment objective of the scheme is to seek to generate capital appreciation & provide long-term growth opportunities by investing in a portfolio constituted of equity securities & equity related securities and the secondary objective is to generate consistent returns by investing in debt and money market securities. However there can be no assurance that the investment objective of the scheme will be achieved.
A12: Fund Manager | B12: Mr. Karan Doshi (Equity Portfolio, managing since 07/01/21) / Mr. Pratik Harish Shroff (Debt Portfolio, managing since 26/09/23)
A14: Annual Portfolio Turnover Ratio (in times) | B14: 0.23027849
A16: Total Expense Ratio (Weighted Average for the month) Excluding Goods and Service Tax on Management Fees
B17: Regular | E17: Direct
A18: Base TER (%)@ | B18: 2.25 | E18: 1.64
A19: Additional expense as per Regulation 52(6A)(b) (%)# | B19: 0 | E19: 0
A20: Additional expense as per Regulation 52(6A)(c) (%)$ | B20: 0 | E20: 0
A21: GST (%)^ | B21: 0.23 | E21: 0.21
A22: Total TER (%) | B22: =SUM(B18:D21) -> 2.48 | E22: =SUM(E18:G21) -> 1.85
A24: Portfolio (Top 10 Holdings) | B24: Name of the issuer | E24: % of Scheme
B25: Government Bond | E25: 11.1277
B26: HDFC Bank Ltd. | E26: 7.2375
B27: ICICI Bank Ltd. | E27: 6.8409
B28: Infosys Ltd. | E28: 4.5218
B29: Reliance Industries Ltd. | E29: 3.4052
B30: State Bank of India | E30: 3.1347
B31: Axis Bank Ltd. | E31: 2.9439
B32: Larsen & Toubro Ltd. | E32: 2.7527
B33: Pitti Engineering Ltd. | E33: 2.6601
B34: Tata Consultancy Services Ltd. | E34: 2.3854
B35: Others | E35: 48.9854
B36: Cash & Cash Equivalent: | E36: 4.0047
B37: Grand Total | E37: =SUM(E25:G36) -> 100
A39: Asset Allocation | B39: Asset Allocation | E39: % of Scheme
B40: Equity Holdings | C40: 0.86359581 | D40: Equity Holdings | E40: 84.870015
B41: GOVERNMENT BOND AND TREASURY BILL | C41: 0.11435791 | D41: GOVERNMENT BOND AND TREASURY BILL | E41: 11.127703
B42: Cash & Other Receivables | C42: 0.022046278 | D42: Cash & Other Receivables | E42: 4.002282
B46: Grand Total | E46: =SUM(E40:G44) -> 100
A48: Sectoral Allocation | B48: Sector/Industry | E48: % of Scheme
B49: Banks | E49: 22.6823
B50: Government of India | E50: 11.1277
B51: IT - Software | E51: 9.0958
B52: Industrial Manufacturing | E52: 7.8491
B53: Consumer Durables | E53: 4.6939
B54: Pharmaceuticals & Biotechnology | E54: 4.1547
B55: Cash & Cash Equivalent: | E55: 4.0047
B56: Petroleum Products | E56: 3.4052
B57: Automobiles | E57: 3.3599
B58: Retailing | E58: 3.3306
B59: Auto Components | E59: 3.2324
B60: Finance | E60: 3.1317
... B71: Healthcare Services | E71: 0.9637
B90: Grand Total | E90: =SUM(E49:G89) -> 100
A92: Scheme Past Performance | B92: Regular (Growth) | E92: Direct (Growth)
B93: Scheme (%) | C93: Scheme Benchmark (%) | D93: Additional Benchmark (%) | E93: Scheme (%) | F93: Scheme Benchmark (%) | G93: Additional Benchmark (%)
A94: 1 year | B94: 9.0891 | C94: 7.8173 | D94: 7.0085 | E94: 9.5421 | F94: 7.8173 | G94: 7.0085
A95: 3 Years | B95: 13.23 | C95: 15.062 | D95: 19.2728 | E95: 14.0762 | F95: 15.062 | G95: 19.2728
A96: 5 years | B96: 11.1092 | C96: 12.8574 | D96: 14.2662 | E96: 11.9646 | F96: 12.8574 | G96: 14.2662
A97: Since Inception | B97: 4.5001 | C97: NA | D97: 15.8785 | E97: 9.8882 | F97: 11.8387 | G97: 12.6882
A99: First Tier Benchmark Index | C99: CRISIL Hybrid 35+65 - Aggressive Index | D99: Nifty 50 TRI | F99: CRISIL Hybrid 35+65 - Aggressive Index | G99: Nifty 50 TRI
A100: NAV/ Index Value | B100: 26.3148 | C100: =Hybrid!C100 -> 15843.684 | D100: =Hybrid!D100 -> 28017.36 | E100: 28.9178 | F100: =C100 -> 15843.684 | G100: =D100 -> 28017.36
A101: Scheme Riskometer
B102: :) Long term capital appreciation and current income
B103: :) A fund that invests both in stocks and fixed income instruments.
B104: :) Risk - Very High
A120: Benchmark Riskometer | B120: First Tier Benchmark - CRISIL Hybrid 35+65 - Aggressive Index
B121: :) Risk - Very High
A137: Disclaimer :
A138: Mutual Fund Investments are subject to market risks, read all scheme related documents carefully.
A139: *Investors should consult their financial advisers if in doubt about whether the product is suitable for them.
A141: Notes:
A142: 1) All scheme returns are for growth option
A143: 2) All above data is as on 31/10/2023.
A144: 3)The performance of the scheme is benchmarked to the Total Return variant of the Index
A145: "@ Base TER excludes additional expenses provided in Regulation 52(6A)(b) and 52(6A)(c) of SEBI (Mutual Funds) Regulations, 1996 and Goods and Services Tax (GST) on investment and advisory fees as per applicable RATE.
A146: "# Additional Expenses not exceeding 0.30% in terms of Regulation 52(6A)(b) of SEBI (Mutual Funds) Regulations, 1996
A147: "$ Additional Expenses not exceeding 0.05% in terms of Regulation 52(6A)(c) of SEBI (Mutual Funds) Regulations, 1996.
A148: " ^ Present GST rate is 18 %.
A149: Percentages mentioned above for TER are annualized
... A152: With reference to SEBI’s letter no. SEBI/HO/ IMD/ IMD-SEC-3/ P/ OW/ 2023/ 5823/ 1 dated February 24, 2023, and AMFI Circular No. CIR/ ARN-23/ 2022-23 March 07, 2023, the B-30 incentive structure for new inflows has been kept in abeyance with effect from March 01, 2023 till the incentive structure is appropriately re-instated by SEBI with necessary safeguards.

Sheet Others
A1: Dashboard as on 31/10/2023
A2: Scheme Name | B2: LIC MF Nifty 50 Exchange Traded Fund | H2: LIC MF S & P BSE Sensex Exchange Traded Fund | N2: LIC MF Nifty 100 Exchange Traded Fund | T2: LIC MF Nifty 50 Index Fund | Z2: LIC MF S & P BSE Sensex Index Fund | AF2: LIC MF Nifty Next 50 Index Fund (ERSTWHILE IDBI Nifty Next 50 Index Fund) | AL2: LIC MF Nifty 8-13 yr G-Sec Exchange Traded Fund
A4: Date of Allotment - Regular | B4: 20.11.2015 | H4: 30.11.2015 | N4: 17.03.2016 | T4: 05.12.2002 | Z4: 05.12.2002 | AF4: 20.09.2010 | AL4: 24.12.2014
A5: Date of Allotment - Direct | B5: NA | H5: NA | N5: NA | T5: 01.01.2013 | Z5: 01.01.2013 | AF5: 01.01.2013 | AL5: NA
A7: AUM (in Rs. crore) | B7: 717.29587 | H7: 672.84482 | N7: 592.34076 | T7: 245.05383 | Z7: 73.615675 | AF7: 53.385851 | AL7: 1071.4077
A9: Investment Objective | B9: The investment objective of the scheme is to provide returns that closely correspond to the total returns of securities as represented by NIFTY 50 Index, subject to tracking errors. However there is no assurance that the objective of the scheme will be achieved. | H9: The investment objective of the scheme is to provide returns that, closely correspond to the total returns of the securities as represented by the S&P BSE SENSEX by holding S&P BSE SENSEX stocks in same proportion, subject to tracking errors. However there is no assurance that the objective of the scheme will be achieved. | N9: The investment objective of the scheme is to provide returns that closely correspond to the total returns of securities as represented by NIFTY 100 INDEX, subject to tracking errors. However there is no assurance that the objective of the scheme will be achieved. | T9: The main investment objective of the fund is to generate returns commensurate with the performance of the index Nifty based on the plans by investing in the respective index stocks subject to tracking errors. However, there is no assurance that the investment objective of the Schemes will be realized. | Z9: The main investment objective of the fund is to generate returns commensurate with the performance of the index S&P BSE Sensex based on the plans by investing in the respective index stocks subject to tracking errors. However, there is no assurance that the investment objective of the Schemes will be realized. | AF9: The investment objective of the Scheme is to invest only in and all the stocks comprising the NIFTY Next 50 Index in the same weights of these stocks as in the Index with the objective to replicate the performance of the Total Returns Index of NIFTY Next 50 Index. The Scheme may also invest in derivatives instruments such as Futures and Options linked to stocks comprising the Index or linked to the NIFTY Next 50 Index. The Scheme will adopt a passive investment strategy and will seek to achieve the investment objective by minimizing the tracking error between the NIFTY Next 50 Index (Total Returns Index) and the Scheme. | AL9: The investment objective of the scheme is to provide returns that closely correspond to the total returns of securities as represented by Nifty 8-13 yr G-Sec Index, subject to tracking errors. However there is no assurance that the objective of the scheme will be achieved.
A11: Fund Manager | B11: Mr. Sumit Bhatnagar (managing since 03/10/23) / Mr. Jaiprakash Toshniwal (managing till 02/10/23) | H11: Mr. Sumit Bhatnagar (managing since 03/10/23) / Mr. Jaiprakash Toshniwal (managing till 02/10/23) | N11: Mr. Sumit Bhatnagar (managing since 03/10/23) / Mr. Jaiprakash Toshniwal (managing till 02/10/23) | T11: Mr. Sumit Bhatnagar (managing since 03/10/23) / Mr. Jaiprakash Toshniwal (managing till 02/10/23) | Z11: Mr. Sumit Bhatnagar (managing since 03/10/23) / Mr. Jaiprakash Toshniwal (managing till 02/10/23) | AF11: Mr. Sumit Bhatnagar (managing since 03/10/23) / Mr. Jaiprakash Toshniwal (managing till 02/10/22) | AL11: Mr. Marzban Irani (managing since 24/12/14)/ Mr. Pratik Harish Shroff (Co Fund Manager, managing since 26/09/23)
A13: Annual Portfolio Turnover Ratio (in times) | B13: 0.12186365 | H13: 0.11244656 | N13: 0.13253971 | T13: 0.27045624 | Z13: 0.29792335 | AF13: 0.34028919
A15: Total Expense Ratio (Weighted Average for the month) Excluding Goods and Service Tax on Management Fees
B16: Regular | E16: Direct | H16: Regular | K16: Direct | N16: Regular | Q16: Direct | T16: Regular | W16: Direct | Z16: Regular | AC16: Direct | AF16: Regular | AI16: Direct | AL16: Regular | AO16: Direct
A17: Base TER (%)@ | B17: 0.1 | E17: 0 | H17: 0.1 | K17: 0 | N17: 0.25 | Q17: 0 | T17: 1 | W17: 0.19 | Z17: 1 | AC17: 0.3 | AF17: 0.88 | AI17: 0.3 | AL17: 0.15 | AO17: 0
A18: Additional expense as per Regulation 52(6A)(b) (%)# | B18: 0 | E18: 0 | H18: 0 | K18: 0 | N18: 0 | Q18: 0 | T18: 0 | W18: 0 | Z18: 0 | AC18: 0 | AF18: 0 | AI18: 0 | AL18: 0 | AO18: 0
A19: Additional expense as per Regulation 52(6A)(c) (%)$ | B19: 0 | E19: 0 | H19: 0 | K19: 0 | N19: 0 | Q19: 0 | T19: 0 | W19: 0 | Z19: 0.05 | AC19: 0.05 | AF19: 0 | AI19: 0 | AL19: 0 | AO19: 0
A20: GST (%)^ | B20: 0 | E20: 0 | H20: 0 | K20: 0 | N20: 0.03 | Q20: 0 | T20: 0.01 | W20: 0.01 | Z20: 0.03 | AC20: 0.03 | AF20: 0.02 | AI20: 0.02 | AL20: 0.01 | AO20: 0
A21: Total TER (%) | B21: =SUM(B17:D20) -> 0.1 | E21: =SUM(E17:G20) -> 0 | H21: =SUM(H17:J20) -> 0.1 | K21: =SUM(K17:M20) -> 0 | N21: =SUM(N17:P20) -> 0.28 | Q21: =SUM(Q17:S20) -> 0 | T21: =SUM(T17:V20) -> 1.01 | W21: =SUM(W17:Y20) -> 0.2 | Z21: =SUM(Z17:AB20) -> 1.08 | AC21: =SUM(AC17:AE20) -> 0.38 | AF21: =SUM(AF17:AH20) -> 0.9 | AI21: =SUM(AI17:AK20) -> 0.32 | AL21: =SUM(AL17:AN20) -> 0.16 | AO21: =SUM(AO17:AQ20) -> 0
A23: Portfolio (Top 10 Holdings) | B23: Name of the issuer | E23: % of Scheme | H23: Name of the issuer | K23: % of Scheme | N23: Name of the issuer | Q23: % of Scheme | T23: Name of the issuer | W23: % of Scheme | Z23: Name of the issuer | AC23: % of Scheme | AF23: Name of the issuer | AI23: % of Scheme | AL23: Name of the issuer | AO23: % of Scheme
B24: HDFC Bank Ltd. | E24: 13.2453 | H24: HDFC Bank Ltd. | K24: 15.3367 | N24: HDFC Bank Ltd. | Q24: 11.2246 | T24: HDFC Bank Ltd. | W24: 13.2162 | Z24: HDFC Bank Ltd. | AC24: 15.2995 | AF24: Shriram Finance Ltd. | AI24: 3.9739 | AL24: Government Bond | AO24: 99.6883
B25: Reliance Industries Ltd. | E25: 9.239 | H25: Reliance Industries Ltd. | K25: 10.838 | N25: Reliance Industries Ltd. | Q25: 7.842 | T25: Reliance Industries Ltd. | W25: 9.2393 | Z25: Reliance Industries Ltd. | AC25: 10.8466 | AF25: Bharat Electronics Ltd. | AI25: 3.6053 | AL25: Others | AO25: 0
B26: ICICI Bank Ltd. | E26: 7.6398 | H26: ICICI Bank Ltd. | K26: 8.775 | N26: ICICI Bank Ltd. | Q26: 6.4919 | T26: ICICI Bank Ltd. | W26: 7.6442 | Z26: ICICI Bank Ltd. | AC26: 8.8298 | AF26: Trent Ltd. | AI26: 3.5748 | AL26: Cash & Cash Equivalent: | AO26: 0.3117
B27: Infosys Ltd. | E27: 5.8064 | H27: Infosys Ltd. | K27: 6.6892 | N27: Infosys Ltd. | Q27: 4.9463 | T27: Infosys Ltd. | W27: 5.8117 | Z27: Infosys Ltd. | AC27: 6.7074 | AF27: Cholamandalam Investment & Fin Co Ltd. | AI27: 3.4019
B28: ITC Ltd. | E28: 4.5302 | H28: ITC Ltd. | K28: 5.2036 | N28: ITC Ltd. | Q28: 3.8353 | T28: ITC Ltd. | W28: 4.5305 | Z28: ITC Ltd. | AC28: 5.2115 | AF28: Pidilite Industries Ltd. | AI28: 2.8386
B29: Larsen & Toubro Ltd. | E29: 4.225 | H29: Larsen & Toubro Ltd. | K29: 4.8537 | N29: Larsen & Toubro Ltd. | Q29: 3.5819 | T29: Larsen & Toubro Ltd. | W29: 4.2263 | Z29: Larsen & Toubro Ltd. | AC29: 4.8355 | AF29: Godrej Consumer Products Ltd. | AI29: 2.8196
B30: Tata Consultancy Services Ltd. | E30: 4.0971 | H30: Tata Consultancy Services Ltd. | K30: 4.7134 | N30: Tata Consultancy Services Ltd. | Q30: 3.4937 | T30: Tata Consultancy Services Ltd. | W30: 4.1086 | Z30: Tata Consultancy Services Ltd. | AC30: 4.7197 | AF30: TVS Motor Company Ltd. | AI30: 2.7944
B31: Axis Bank Ltd. | E31: 3.2533 | H31: Axis Bank Ltd. | K31: 3.8259 | N31: Axis Bank Ltd. | Q31: 2.7593 | T31: Axis Bank Ltd. | W31: 3.2365 | Z31: Axis Bank Ltd. | AC31: 3.8064 | AF31: Bank of Baroda | AI31: 2.7487
B32: Kotak Mahindra Bank Ltd. | E32: 3.0537 | H32: Kotak Mahindra Bank Ltd. | K32: 3.4185 | N32: Kotak Mahindra Bank Ltd. | Q32: 2.5851 | T32: Kotak Mahindra Bank Ltd. | W32: 3.0443 | Z32: Kotak Mahindra Bank Ltd. | AC32: 3.4072 | AF32: ICICI Lombard General Insurance Co. Ltd. | AI32: 2.6516
B33: Bharti Airtel Ltd. | E33: 2.7587 | H33: Bharti Airtel Ltd. | K33: 3.1625 | N33: Bharti Airtel Ltd. | Q33: 2.3356 | T33: Bharti Airtel Ltd. | W33: 2.742 | Z33: Bharti Airtel Ltd. | AC33: 3.1388 | AF33: DLF Ltd. | AI33: 2.642
B34: Others | E34: 42.0311 | H34: Others | K34: 33.0562 | N34: Others | Q34: 50.7968 | T34: Others | W34: 41.9015 | Z34: Others | AC34: 32.8821 | AF34: Others | AI34: 68.5998
B35: Cash & Cash Equivalent: | E35: 0.1204 | H35: Cash & Cash Equivalent: | K35: 0.1273 | N35: Cash & Cash Equivalent: | Q35: 0.1075 | T35: Cash & Cash Equivalent: | W35: 0.2989 | Z35: Cash & Cash Equivalent: | AC35: 0.3155 | AF35: Cash & Cash Equivalent: | AI35: 0.3494
B36: Grand Total | E36: =SUM(E24:G35) -> 100 | H36: Grand Total | K36: =SUM(K24:M35) -> 100 | N36: Grand Total | Q36: =SUM(Q24:S35) -> 100 | T36: Grand Total | W36: =SUM(W24:Y35) -> 100 | Z36: Grand Total | AC36: =SUM(AC24:AE35) -> 100 | AF36: Grand Total | AI36: =SUM(AI24:AK35) -> 100 | AL36: Grand Total | AO36: =SUM(AO24:AQ35) -> 100
A38: Asset Allocation | B38: Asset Allocation | E38: % of Scheme | H38: Asset Allocation | K38: % of Scheme | N38: Asset Allocation | Q38: % of Scheme | T38: Asset Allocation | W38: % of Scheme | Z38: Asset Allocation | AC38: % of Scheme | AF38: Asset Allocation | AI38: % of Scheme | AL38: Asset Allocation | AO38: % of Scheme
B39: Equity Holdings | C39: 0.99271561 | D39: Equity Holdings | E39: =SUM(E24:G34) -> 99.8796 | H39: Equity Holdings | I39: 0.99442429 | J39: Equity Holdings | K39: =SUM(K24:M34) -> 99.8727 | N39: Equity Holdings | O39: 0.99289916 | P39: Equity Holdings | Q39: =SUM(Q24:S34) -> 99.8925 | T39: Equity Holdings | U39: 0.99271561 | V39: Equity Holdings | W39: =SUM(W24:Y34) -> 99.7011 | Z39: Equity Holdings | AA39: 1.0451347 | AB39: Equity Holdings | AC39: =SUM(AC24:AE34) -> 99.6845 | AF39: Equity Holdings | AI39: =SUM(AI24:AK34) -> 99.6506 | AL39: GOVERNMENT BOND AND TREASURY BILL | AO39: =AO24 -> 99.6883
B40: Cash & Other Receivables | C40: 0.0072843895 | D40: Cash & Other Receivables | E40: =E35 -> 0.1204 | H40: Cash & Other Receivables | I40: 0.0055757063 | J40: Cash & Other Receivables | K40: =K35 -> 0.1273 | N40: Cash & Other Receivables | O40: 0.0071008401 | P40: Cash & Other Receivables | Q40: =Q35 -> 0.1075 | T40: Cash & Other Receivables | U40: 0.0072843895 | V40: Cash & Other Receivables | W40: =W35 -> 0.2989 | Z40: Cash & Other Receivables | AA40: -0.045134662 | AB40: Cash & Other Receivables | AC40: =AC35 -> 0.3155 | AF40: Cash & Other Receivables | AI40: =AI35 -> 0.3494 | AL40: Cash & Other Receivables | AO40: =AO26 -> 0.3117
B45: Grand Total | E45: =SUM(E39:G43) -> 100 | H45: Grand Total | K45: =SUM(K39:M43) -> 100 | N45: Grand Total | Q45: =SUM(Q39:S43) -> 100 | T45: Grand Total | W45: =SUM(W39:Y43) -> 100 | Z45: Grand Total | AC45: =SUM(AC39:AE43) -> 100 | AF45: Grand Total | AI45: =SUM(AI39:AK43) -> 100 | AL45: Grand Total | AO45: =SUM(AO39:AQ43) -> 100
A47: Sectoral Allocation | B47: Sector/Industry | E47: % of Scheme | H47: Sector/Industry | K47: % of Scheme | N47: Sector/Industry | Q47: % of Scheme | T47: Sector/Industry | W47: % of Scheme | Z47: Sector/Industry | AC47: % of Scheme | AF47: Sector/Industry | AI47: % of Scheme
B48: Banks | E48: 30.9133 | H48: Banks | K48: 35.6328 | N48: Banks | Q48: 27.0591 | T48: Banks | W48: 30.8532 | Z48: Banks | AC48: 35.5856 | AF48: Finance | AI48: 11.1262
B49: IT - Software | E49: 13.5495 | H49: IT - Software | K49: 14.9649 | N49: IT - Software | Q49: 11.5461 | T49: IT - Software | W49: 13.5575 | Z49: IT - Software | AC49: 14.9731 | AF49: Retailing | AI49: 9.4646
B50: Petroleum Products | E50: 9.6381 | H50: Petroleum Products | K50: 10.838 | N50: Petroleum Products | Q50: 8.5143 | T50: Petroleum Products | W50: 9.637 | Z50: Petroleum Products | AC50: 10.8466 | AF50: Personal Products | AI50: 7.8249
B51: Diversified FMCG | E51: 7.1829 | H51: Diversified FMCG | K51: 8.2542 | N51: Diversified FMCG | Q51: 6.0817 | T51: Diversified FMCG | W51: 7.1661 | Z51: Diversified FMCG | AC51: 8.2526 | AF51: Banks | AI51: 6.3237
B52: Automobiles | E52: 6.2509 | H52: Automobiles | K52: 5.3494 | N52: Automobiles | Q52: 5.8899 | T52: Automobiles | W52: 6.2498 | Z52: Automobiles | AC52: 5.3374 | AF52: Aerospace & Defense | AI52: 6.1825
B53: Construction | E53: 4.225 | H53: Construction | K53: 4.8537 | N53: Finance | Q53: 4.5345 | T53: Construction | W53: 4.2263 | Z53: Construction | AC53: 4.8355 | AF53: Chemicals & Petrochemicals | AI53: 5.2477
B54: Pharmaceuticals & Biotechnology | E54: 3.4282 | H54: Finance | K54: 3.9164 | N54: Construction | Q54: 3.5819 | T54: Pharmaceuticals & Biotechnology | W54: 3.4339 | Z54: Finance | AC54: 3.8993 | AF54: Cement & Cement Products | AI54: 4.9448
B55: Finance | E55: 3.407 | H55: Consumer Durables | K55: 3.6781 | N55: Pharmaceuticals & Biotechnology | Q55: 3.2542 | T55: Finance | W55: 3.3854 | Z55: Consumer Durables | AC55: 3.6578 | AF55: Insurance | AI55: 4.7193
B56: Consumer Durables | E56: 3.1956 | H56: Telecom - Services | K56: 3.1625 | N56: Consumer Durables | Q56: 3.1813 | T56: Consumer Durables | W56: 3.196 | Z56: Telecom - Services | AC56: 3.1388 | AF56: Power | AI56: 4.5697
B57: Telecom - Services | E57: 2.7587 | H57: Power | K57: 2.8247 | N57: Power | Q57: 3.0095 | T57: Telecom - Services | W57: 2.742 | Z57: Power | AC57: 2.7919 | AF57: Electrical Equipment | AI57: 3.8876
B58: Power | E58: 2.4569 | H58: Ferrous Metals | K58: 2.2727 | N58: Cement & Cement Products | Q58: 2.3451 | T58: Power | W58: 2.4325 | Z58: Ferrous Metals | AC58: 2.2514 | AF58: Beverages | AI58: 3.7487
B59: Cement & Cement Products | E59: 1.9894 | H59: Pharmaceuticals & Biotechnology | K59: 1.6036 | N59: Telecom - Services | Q59: 2.3356 | T59: Cement & Cement Products | W59: 1.985 | Z59: Pharmaceuticals & Biotechnology | AC59: 1.6095 | AF59: Consumer Durables | AI59: 3.5458
... B62: Insurance | E62: 1.5291 | H62: Cash & Cash Equivalent: | K62: 0.1273 | N62: Retailing | Q62: 1.8257 | T62: Insurance | W62: 1.5262 | Z62: Cash & Cash Equivalent: | AC62: 0.3155 | AF62: Automobiles | AI62: 2.7944
B63: Metals & Minerals Trading | E63: 0.9054 | N63: Food Products | Q63: 1.4039 | T63: Metals & Minerals Trading | W63: 0.9038 | AF63: Realty | AI63: 2.642
B64: Oil | E64: 0.8695 | N64: Personal Products | Q64: 1.1468 | T64: Oil | W64: 0.8637 | AF64: Petroleum Products | AI64: 2.4859
B65: Consumable Fuels | E65: 0.8587 | N65: Agricultural Food & other Products | Q65: 0.8843 | T65: Consumable Fuels | W65: 0.8479 | AF65: Pharmaceuticals & Biotechnology | AI65: 2.4243
B66: Non - Ferrous Metals | E66: 0.8029 | N66: Aerospace & Defense | Q66: 0.8287 | T66: Non - Ferrous Metals | W66: 0.799 | AF66: Transport Services | AI66: 2.2905
B67: Transport Infrastructure | E67: 0.7489 | N67: Metals & Minerals Trading | Q67: 0.7665 | T67: Transport Infrastructure | W67: 0.7459 | AF67: Agricultural Food & other Products | AI67: 2.2715
B68: Agricultural Food & other Products | E68: 0.6487 | N68: Oil | Q68: 0.7371 | T68: Agricultural Food & other Products | W68: 0.6472 | AF68: Fertilizers & Agrochemicals | AI68: 2.062
B69: Healthcare Services | E69: 0.5763 | N69: Beverages | Q69: 0.7356 | T69: Healthcare Services | W69: 0.5766 | AF69: Diversified Metals | AI69: 1.9452
B70: Fertilizers & Agrochemicals | E70: 0.3251 | N70: Consumable Fuels | Q70: 0.7304 | T70: Fertilizers & Agrochemicals | W70: 0.3235 | AF70: Ferrous Metals | AI70: 1.7542
B71: Cash & Cash Equivalent: | E71: 0.1204 | N71: Chemicals & Petrochemicals | Q71: 0.7022 | T71: Cash & Cash Equivalent: | W71: 0.2989 | AF71: Leisure Services | AI71: 1.5265
N72: Non - Ferrous Metals | Q72: 0.6821 | AF72: Cash & Cash Equivalent: | AI72: 0.3494
N73: Transport Infrastructure | Q73: 0.6353
N74: Fertilizers & Agrochemicals | Q74: 0.5528
N75: Electrical Equipment | Q75: 0.5205
N76: Healthcare Services | Q76: 0.4917
N77: Gas | Q77: 0.4845
N78: Auto Components | Q78: 0.3894
N79: Realty | Q79: 0.3535
N80: Transport Services | Q80: 0.307
N81: Diversified Metals | Q81: 0.2617
N82: Leisure Services | Q82: 0.2048
N83: Cash & Cash Equivalent: | Q83: 0.1075
B89: Grand Total | E89: =SUM(E48:G88) -> 100 | H89: Grand Total | K89: =SUM(K48:M88) -> 100 | N89: Grand Total | Q89: =SUM(Q48:S88) -> 100 | T89: Grand Total | W89: =SUM(W48:Y88) -> 100 | Z89: Grand Total | AC89: =SUM(AC48:AE88) -> 100 | AF89: Grand Total | AI89: =SUM(AI48:AK88) -> 100
A91: Scheme Past Performance | B91: Regular (Growth) | E91: Direct (Growth) | H91: Regular (Growth) | K91: Direct (Growth) | N91: Regular (Growth) | Q91: Direct (Growth) | T91: Regular (Growth) | W91: Direct (Growth) | Z91: Regular (Growth) | AC91: Direct (Growth) | AF91: Regular (Growth) | AI91: Direct (Growth) | AL91: Regular (Growth) | AO91: Direct (Growth)
B92: Scheme (%) | C92: Scheme Benchmark (%) | D92: Additional Benchmark (%) | E92: Scheme (%) | F92: Scheme Benchmark (%) | G92: Additional Benchmark (%) | H92: Scheme (%) | I92: Scheme Benchmark (%) | J92: Additional Benchmark (%) | K92: Scheme (%) | L92: Scheme Benchmark (%) | M92: Additional Benchmark (%) | N92: Scheme (%) | O92: Scheme Benchmark (%) | P92: Additional Benchmark (%) | Q92: Scheme (%) | R92: Scheme Benchmark (%) | S92: Additional Benchmark (%) | T92: Scheme (%) | U92: Scheme Benchmark (%) | V92: Additional Benchmark (%) | W92: Scheme (%) | X92: Scheme Benchmark (%) | Y92: Additional Benchmark (%) | Z92: Scheme (%) | AA92: Scheme Benchmark (%) | AB92: Additional Benchmark (%) | AC92: Scheme (%) | AD92: Scheme Benchmark (%) | AE92: Additional Benchmark (%) | AF92: Scheme (%) | AG92: Scheme Benchmark (%) | AH92: Additional Benchmark (%) | AI92: Scheme (%) | AJ92: Scheme Benchmark (%) | AK92: Additional Benchmark (%) | AL92: Scheme (%) | AM92: Scheme Benchmark (%) | AN92: Additional Benchmark (%) | AO92: Scheme (%) | AP92: Scheme Benchmark (%) | AQ92: Additional Benchmark (%)
A93: 1 year | B93: 6.8166 | C93: 7.0085 | D93: 6.5388 | E93: - | F93: - | G93: - | H93: 6.4687 | I93: 6.5388 | J93: 7.0085 | K93: - | L93: - | M93: - | N93: 4.9438 | O93: 5.3308 | P93: 7.7257 | Q93: - | R93: - | S93: - | T93: 5.961 | U93: 7.0085 | V93: 6.5388 | W93: 6.6433 | X93: 7.0085 | Y93: 6.5388 | Z93: 5.5316 | AA93: 6.5388 | AB93: 7.0085 | AC93: 6.2613 | AD93: 6.5388 | AE93: 7.0085 | AF93: 2.7279 | AG93: 3.8305 | AH93: 7.0085 | AI93: 3.3245 | AJ93: 3.8305 | AK93: 7.0085 | AL93: 7.3799 | AM93: 7.6822 | AN93: 7.4391 | AO93: - | AP93: - | AQ93: -
A94: 3 Years | B94: 19.0891 | C94: 19.2728 | D94: 18.649 | E94: - | F94: - | G94: - | H94: 18.4886 | I94: 18.649 | J94: 19.2728 | K94: - | L94: - | M94: - | N94: 18.3723 | O94: 18.7524 | P94: 20.1677 | Q94: - | R94: - | S94: - | T94: 17.855 | U94: 19.2728 | V94: 18.649 | W94: 18.6321 | X94: 19.2728 | Y94: 18.649 | Z94: 17.3229 | AA94: 18.649 | AB94: 19.2728 | AC94: 18.092 | AD94: 18.649 | AE94: 19.2728 | AF94: 17.0188 | AG94: 18.1293 | AH94: 19.2728 | AI94: 17.7192 | AJ94: 18.1293 | AK94: 19.2728 | AL94: 2.9436 | AM94: 3.2952 | AN94: 2.6457 | AO94: - | AP94: - | AQ94: -
A95: 5 years | B95: 14.1255 | C95: 14.2662 | D95: 14.5061 | E95: - | F95: - | G95: - | H95: 14.4035 | I95: 14.5061 | J95: 14.2662 | K95: - | L95: - | M95: - | N95: 13.3207 | O95: 13.6933 | P95: 14.3901 | Q95: - | R95: - | S95: - | T95: 12.9357 | U95: 14.2662 | V95: 14.5061 | W95: 13.7355 | X95: 14.2662 | Y95: 14.5061 | Z95: 13.3182 | AA95: 14.5061 | AB95: 14.2662 | AC95: 13.9476 | AD95: 14.5061 | AE95: 14.2662 | AF95: 10.3544 | AG95: 11.6305 | AH95: 14.2662 | AI95: 11.0186 | AJ95: 11.6305 | AK95: 14.2662 | AL95: 6.6977 | AM95: 7.0512 | AN95: 6.2002 | AO95: - | AP95: - | AQ95: -
A96: Since Inception | B96: 13.0062 | C96: 13.1981 | D96: 13.4413 | E96: - | F96: - | G96: - | H96: 13.2525 | I96: 13.3382 | J96: 13.1042 | K96: - | L96: - | M96: - | N96: 13.813 | O96: 14.1973 | P96: 14.718 | Q96: - | R96: - | S96: - | T96: 12.2689 | U96: 16.4516 | V96: 17.0242 | W96: 11.9552 | X96: 12.7261 | Y96: 13.0181 | Z96: 13.1088 | AA96: 17.0242 | AB96: 16.4516 | AC96: 12.056 | AD96: 13.0181 | AE96: 12.7261 | AF96: 9.472 | AG96: 11.1796 | AH96: 10.5744 | AI96: 12.6843 | AJ96: 13.6188 | AK96: 12.7261 | AL96: 6.7369 | AM96: 7.0935 | AN96: 6.2201 | AO96: - | AP96: - | AQ96: -
A98: First Tier Benchmark Index | C98: Nifty 50 TRI | D98: S&P BSE Sensex TRI | I98: S&P BSE Sensex TRI | J98: Nifty 50 TRI | O98: Nifty 100 TRI | P98: S&P BSE 100 TRI | U98: Nifty 50 TRI | V98: S&P BSE Sensex TRI | X98: Nifty 50 TRI | Y98: S&P BSE Sensex TRI | AA98: S&P BSE Sensex TRI | AB98: Nifty 50 TRI | AD98: S&P BSE Sensex TRI | AE98: Nifty 50 TRI | AG98: NIFTY Next 50 TRI | AH98: Nifty 50 TRI | AJ98: NIFTY Next 50 TRI | AK98: Nifty 50 TRI | AM98: Nifty 8-13 yr G-Sec | AN98: Crisil 10 Year Gilt Index
A99: NAV/ Index Value | B99: 207.6971 | C99: =+Equity!Y100 -> 28017.36 | D99: 97769.99 | H99: 700.869 | I99: =D99 -> 97769.99 | J99: =Equity!AE100 -> 28017.36 | N99: 203.9443 | O99: =+Equity!L100 -> 25575.44 | P99: 24696.98 | T99: 105.2136 | U99: =J99 -> 28017.36 | V99: =I99 -> 97769.99 | W99: 111.8646 | X99: =U99 -> 28017.36 | Y99: =V99 -> 97769.99 | Z99: 119.3189 | AA99: =Y99 -> 97769.99 | AB99: =X99 -> 28017.36 | AC99: 126.5047 | AD99: =AA99 -> 97769.99 | AE99: =AB99 -> 28017.36 | AF99: 32.7851 | AG99: 62192.21 | AH99: =Equity!BU100 -> 28017.36 | AI99: 35.6109 | AJ99: =AG99 -> 62192.21 | AK99: =AH99 -> 28017.36 | AL99: 23.8901 | AM99: 2462.25 | AN99: ='Debt-Excl.Over,Liq,LowDur,Ult,M'!D52 -> 4337.8231
A100: Scheme Riskometer
B101: :) Long term investment. | H101: :) Long term investment. | N101: :) Long term investment. | T101: :) Long Term Capital Growth | Z101: :) Long Term Capital Growth | AF101: :) Long Term growth in a passively managed scheme tracking NIFTY Next 50 Index(TRI) | AL101: :) Medium to long term regular Income.
B102: :) Investment in securities covered by NIFTY 50 Index, subject to tracking errors. | H102: :) Investment in securities covered by S&P BSE SENSEX, subject to tracking errors. | N102: :) Investment in equity and equity related securities and portfolios replicating the composition of Nifty 100 Index, subject to tracking errors. | T102: :) Investment in equity instrument of respective index stocks subject to tracking error. | Z102: :) Investment in equity instrument of S & P BSE Sensex index stocks subject to tracking error. | AF102: :) Investments only in and all stocks comprising Nifty Next 50 Index in the same weight of these stocks as in Index with objective to replicate performance of NIFTYNext 50 Index(TRI) | AL102: :) Investment in securities in line with Nifty 8- 13 Yr G-Sec Index to generate comparable returns subject to tracking error.
B103: :) Risk - Very High | H103: :) Risk - Very High | N103: :) Risk - Very High | T103: :) Risk - Very High | Z103: :) Risk - Very High | AF103: :) Risk - Very High | AL103: :) Risk - Moderate
A119: Benchmark Riskometer | B119: First Tier Benchmark - Nifty 50 TRI | H119: First Tier Benchmark - S&P BSE Sensex TRI | N119: First Tier Benchmark - Nifty 100 TRI | T119: First Tier Benchmark - Nifty 50 TRI | Z119: First Tier Benchmark - S&P BSE Sensex TRI | AF119: First Tier Benchmark - Nifty Next 50 TRI | AL119: First Tier Benchmark - Nifty 8-13 yr G-Sec
B120: :) Risk - Very High | H120: :) Risk - Very High | N120: :) Risk - Very High | T120: :) Risk - Very High | Z120: :) Risk - Very High | AF120: :) Risk - Very High | AL120: :) Risk - Moderate
A136: Disclaimer : | AL136: Potential Risk Class
A137: Mutual Fund Investments are subject to market risks, read all scheme related documents carefully. | AL137: Credit Risk | AN137: Relatively Low (Class A) | AO137: Moderate (Class B) | AP137: Relatively High (Class C)
A138: *Investors should consult their financial advisers if in doubt about whether the product is suitable for them. | AL138: Interest Rate Risk
K139: ` | AL139: Relatively Low (Class I)
A140: Notes: | AL140: Moderate (Class II)
A141: 1) All scheme returns are for growth option | AL141: Relatively High (Class III) | AN141: A-III
A142: 2) All above data is as on 31/10/2023.
A143: 3)The performance of the scheme is benchmarked to the Total Return variant of the Index
A144: 4) The scheme performance IDBI MF schemes merged with LIC MF schemes herewith is a blended performance on weighted average, as per applicable guidelines of SEBI.
A145: "@ Base TER excludes additional expenses provided in Regulation 52(6A)(b) and 52(6A)(c) of SEBI (Mutual Funds) Regulations, 1996 and Goods and Services Tax (GST) on investment and advisory fees as per applicable RATE.
A146: "# Additional Expenses not exceeding 0.30% in terms of Regulation 52(6A)(b) of SEBI (Mutual Funds) Regulations, 1996
A147: "$ Additional Expenses not exceeding 0.05% in terms of Regulation 52(6A)(c) of SEBI (Mutual Funds) Regulations, 1996.
A148: " ^ Present GST rate is 18 %.
A149: Percentages mentioned above for TER are annualized
A150: Base TER of direct plan shall have a lower expense ratio excluding distribution expenses, commission, etc., and no commission shall be paid from such plans
A152: With reference to SEBI’s letter no. SEBI/HO/ IMD/ IMD-SEC-3/ P/ OW/ 2023/ 5823/ 1 dated February 24, 2023, and AMFI Circular No. CIR/ ARN-23/ 2022-23 March 07, 2023, the B-30 incentive structure for new inflows has been kept in abeyance with effect from March 01, 2023 till the incentive structure is appropriately re-instated by SEBI with necessary safeguards.

Sheet Gold
A1: =Equity!A1 -> Dashboard as on 31/10/2023
A2: Scheme Name | B2: LIC MF Gold Exchange Traded Fund (ERSTWHILE IDBI GOLD EXCHANGE TRADED FUND) | H2: LIC MF Gold ETF Fund of Fund (ERSTWHILE IDBI GOLD FUND)
A4: Date of Allotment - Regular | B4: 09.11.2011 | H4: 14.08.2012
A5: Date of Allotment - Direct | B5: NA | H5: 01.01.2013
A7: AUM (in Rs. crore) | B7: 109.2282 | H7: 45.105738
A10: Investment Objective | B10: To invest in physical Gold and Gold related Instruments with the objective to replicate the performance of Gold in domestic prices. The ETF will adopt a passive investment strategy and will seek to achieve the investment objective by minimizing the tracking error between the Fund and the underlying asset. | H10: The investment objective of the Scheme will be to generate returns that correspond closely to the returns generated by LIC MF Gold Exchange Traded Fund (LIC MF Gold ETF)
A12: Fund Manager | B12: Mr. Yash Dhoot (managing since 31/07/23) | H12: Mr. Yash Dhoot (managing since 31/07/23)
A14: Total Expense Ratio (Weighted Average for the month) Excluding Goods and Service Tax on Management Fees
B15: Regular | E15: Direct | H15: Regular | K15: Direct
A16: Base TER (%)@ | B16: 0.4 | E16: 0 | H16: 0.6 | K16: 0.19
A17: Additional expense as per Regulation 52(6A)(b) (%)# | B17: 0 | E17: 0 | H17: 0 | K17: 0
A18: Additional expense as per Regulation 52(6A)(c) (%)$ | B18: 0 | E18: 0 | H18: 0.05 | K18: 0.05
A19: GST (%)^ | B19: 0.01 | E19: 0 | H19: 0.02 | K19: 0.02
A20: Total TER (%) | B20: =SUM(B16:D19) -> 0.41 | E20: 0 | H20: =SUM(H16:J19) -> 0.67 | K20: =SUM(K16:M19) -> 0.26
A22: Portfolio (Top 10 Holdings) | B22: Name of the issuer | E22: % of Scheme | H22: Name of the issuer | K22: % of Scheme
B23: GOLD | E23: 99.4 | H23: LIC MF Gold Exchange Traded Fund | K23: 99.6455
B24: Others | E24: 0 | H24: Others | K24: 0
B25: Cash & Cash Equivalent: | E25: 0.6 | H25: Cash & Cash Equivalent: | K25: 0.3545
B35: Grand Total | E35: =SUM(E23:G34) -> 100 | H35: Grand Total | K35: =SUM(K23:M34) -> 100
A37: Asset Allocation | B37: Asset Allocation | E37: % of Scheme | H37: Asset Allocation | K37: % of Scheme
B38: Physical Gold & Gold Related Instruments | E38: 99.4 | H38: Mutual Fund Units | K38: 99.645529
B39: Cash & Other Receivables | E39: 0.6 | H39: Cash & Other Receivables | K39: 0.3544705
B44: Grand Total | E44: =SUM(E38:G42) -> 100 | H44: Grand Total | K44: =SUM(K38:M42) -> 100
A46: Scheme Past Performance | B46: Regular (Growth) | E46: Direct (Growth) | H46: Regular (Growth) | K46: Direct (Growth)
B47: Scheme (%) | C47: Scheme Benchmark (%) | D47: Additional Benchmark (%) | E47: Scheme (%) | F47: Scheme Benchmark (%) | G47: Additional Benchmark (%) | H47: Scheme (%) | I47: Scheme Benchmark (%) | J47: Additional Benchmark (%) | K47: Scheme (%) | L47: Scheme Benchmark (%) | M47: Additional Benchmark (%)
A48: 1 year | B48: 22.4624 | C48: 22.8673 | D48: NA | E48: - | F48: - | G48: - | H48: 20.4312 | I48: 22.8673 | J48: NA | K48: 20.9241 | L48: 22.8673 | M48: NA
A49: 3 Years | B49: 6.5151 | C49: 6.8539 | D49: NA | E49: - | F49: - | G49: - | H49: 6.0195 | I49: 6.8539 | J49: NA | K49: 6.4466 | L49: 6.8539 | M49: NA
A50: 5 years | B50: 13.3222 | C50: 13.9592 | D50: NA | E50: - | F50: - | G50: - | H50: 12.4152 | I50: 13.9592 | J50: NA | K50: 12.8894 | L50: 13.9592 | M50: NA
A51: Since Inception | B51: 5.6888 | C51: 6.4463 | D51: NA | E51: - | F51: - | G51: - | H51: 4.5342 | I51: 6.4758 | J51: NA | K51: 5.1421 | L51: 6.5606 | M51: NA
A53: First Tier Benchmark Index | C53: Domestic Price of Gold | I53: Domestic Price of Gold | L53: Domestic Price of Gold
A54: NAV/ Index Value | B54: 5631.0161 | C54: 63181.765 | H54: 16.4462 | I54: =C54 -> 63181.765 | K54: 17.2127 | L54: =I54 -> 63181.765
A55: Scheme Riskometer
B56: :) To replicate the performance of gold in domestic prices with at least medium term horizon. | H56: :) To replicate returns of LICMF Gold Exchange Traded Fund with at least medium term horizon
B57: :) Investments in physical gold and gold related instruments / debt & money market instruments | H57: :) Investments in units of LICMF Gold Exchange Traded Fund/ Money Market Instruments/ LICMF Liquid Fund Scheme.
B58: :) Risk - High | H58: :) Risk - High
A74: Benchmark Riskometer | B74: First Tier Benchmark - Domestic Price of Gold | H74: First Tier Benchmark - Domestic Price of Gold
B75: :) Risk - High | H75: :) Risk - High
A91: Disclaimer :
A92: Mutual Fund Investments are subject to market risks, read all scheme related documents carefully.
A93: *Investors should consult their financial advisers if in doubt about whether the product is suitable for them.
A95: Notes:
A96: 1) All scheme returns are for growth option
A97: =Equity!A143 -> 2) All above data is as on 31/10/2023.
A98: 3)The performance of the scheme is benchmarked to the Total Return variant of the Index
A99: 4) For computation of since inception returns the allotment NAV for LIC MF Gold ETF is taken as Rs.2901.5624
A100: 5)The scheme performance IDBI MF schemes merged with LIC MF schemes herewith is a blended performance on weighted average, as per applicable guidelines of SEBI.
A101: "@ Base TER excludes additional expenses provided in Regulation 52(6A)(b) and 52(6A)(c) of SEBI (Mutual Funds) Regulations, 1996 and Goods and Services Tax (GST) on investment and advisory fees as per applicable RATE.
A102: "# Additional Expenses not exceeding 0.30% in terms of Regulation 52(6A)(b) of SEBI (Mutual Funds) Regulations, 1996
A103: "$ Additional Expenses not exceeding 0.05% in terms of Regulation 52(6A)(c) of SEBI (Mutual Funds) Regulations, 1996.
A104: " ^ Present GST rate is 18 %.
A105: Percentages mentioned above for TER are annualized
A106: Base TER of direct plan shall have a lower expense ratio excluding distribution expenses, commission, etc., and no commission shall be paid from such plans
A108: With reference to SEBI’s letter no. SEBI/HO/ IMD/ IMD-SEC-3/ P/ OW/ 2023/ 5823/ 1 dated February 24, 2023, and AMFI Circular No. CIR/ ARN-23/ 2022-23 March 07, 2023, the B-30 incentive structure for new inflows has been kept in abeyance with effect from March 01, 2023 till the incentive structure is appropriately re-instated by SEBI with necessary safeguards.
